Workbook
Name \a: #N/A
Name \A: [1]SERVIÇO!#REF!
Name \B: [1]SERVIÇO!#REF!
Name \C: [1]SERVIÇO!#REF!
Name \I: [1]SERVIÇO!#REF!
Name \J: [1]SERVIÇO!#REF!
Name \O: [1]SERVIÇO!#REF!
Name \P: [1]SERVIÇO!#REF!
Name _____ACR10: [1]SERVIÇO!#REF!
Name _____ACR15: [1]SERVIÇO!#REF!
Name _____acr20: [1]SERVIÇO!#REF!
Name _____acr5: [1]SERVIÇO!#REF!
Name _____ARQ1: [1]SERVIÇO!#REF!
Name _____QT100: [1]SERVIÇO!#REF!
Name _____QT2: [1]SERVIÇO!#REF!
Name _____QT3: [1]SERVIÇO!#REF!
Name _____QT4: [1]SERVIÇO!#REF!
Name _____QT50: [1]SERVIÇO!#REF!
Name _____QT75: [1]SERVIÇO!#REF!
Name ____ACR10: [1]SERVIÇO!#REF!
Name ____ACR15: [1]SERVIÇO!#REF!
Name ____acr20: [1]SERVIÇO!#REF!
Name ____acr5: [1]SERVIÇO!#REF!
Name ____ARQ1: [1]SERVIÇO!#REF!
Name ____QT100: [1]SERVIÇO!#REF!
Name ____QT2: [1]SERVIÇO!#REF!
Name ____QT3: [1]SERVIÇO!#REF!
Name ____QT4: [1]SERVIÇO!#REF!
Name ____QT50: [1]SERVIÇO!#REF!
Name ____QT75: [1]SERVIÇO!#REF!
Name ___ACR10: [1]SERVIÇO!#REF!
Name ___ACR15: [1]SERVIÇO!#REF!
Name ___acr20: [1]SERVIÇO!#REF!
Name ___acr5: [1]SERVIÇO!#REF!
Name ___ARQ1: [1]SERVIÇO!#REF!
Name ___QT100: [1]SERVIÇO!#REF!
Name ___QT2: [1]SERVIÇO!#REF!
Name ___QT3: [1]SERVIÇO!#REF!
Name ___QT4: [1]SERVIÇO!#REF!
Name ___QT50: [1]SERVIÇO!#REF!
Name ___QT75: [1]SERVIÇO!#REF!
Name __ACR10: [1]SERVIÇO!#REF!
Name __ACR15: [1]SERVIÇO!#REF!
Name __acr20: [1]SERVIÇO!#REF!
Name __acr5: [1]SERVIÇO!#REF!
Name __ARQ1: [1]SERVIÇO!#REF!
Name __QT100: [1]SERVIÇO!#REF!
Name __QT2: [1]SERVIÇO!#REF!
Name __QT3: [1]SERVIÇO!#REF!
Name __QT4: [1]SERVIÇO!#REF!
Name __QT50: [1]SERVIÇO!#REF!
Name __QT75: [1]SERVIÇO!#REF!
Name __xlnm.Print_Titles_2: #REF!
Name _1Excel_BuiltIn_Print_Titles_15_1_1_1_1: #REF!
Name _2Excel_BuiltIn_Print_Titles_16_1: #REF!,#REF!
Name _3Excel_BuiltIn_Print_Titles_16_1_1_1: #REF!
Name _4Excel_BuiltIn_Print_Titles_17_1: '[2]rev int TP'!$A:$B,'[2]rev int TP'!$1:$6
Name _5Excel_BuiltIn_Print_Titles_18_1: #REF!,#REF!
Name _6Excel_BuiltIn_Print_Titles_19_1: #REF!,#REF!
Name _7Excel_BuiltIn_Print_Titles_21_1_1_1: #REF!,#REF!

Sheet Orientações
A1: Informamos que o BDI (Benefício e Despesas Indiretas) deve ser preenchido de acordo com os padrões legais estabelecidos pelo Tribunal de Contas da União (TCU). O valor proposto pela licitante, registrado na aba BDI_Proposto, será automaticamente atribuído à Planilha de Orçamento Sintético, garantindo a consistência das informações no processo licitatório.
A4: Informamos que, ao preencher a planilha, a licitante deverá preencher exclusivamente as células destacadas em amarelo. As demais células são de uso restrito e serão automaticamente calculadas ou preenchidas pela equipe responsável, conforme as regras estabelecidas para o processo.

Sheet BDI_Proposto 
B7: COMPOSIÇÃO DE BENEFÍCIOS E DESPESAS INDIRETAS - B.D.I.
B10: OBJETO DE CONTRATAÇÃO: | E10: CONTRATAÇÃO DE EMPRESA ESPECIALIZADA PARA PRESTAÇÃO DE SERVIÇOS DE MANEJO E MANUTENÇÃO DE LOGRADOUROS PÚBLICOS NO MUNICÍPIO DE BEBEDOURO/SP
B11: DESCRIÇÃO DO OBJETO: | E11: PRESTAÇÃO DE SERVIÇOS ESPECIALIZADOS PARA EXECUÇÃO DE ATIVIDADES DE PODA, ERRADICAÇÃO (CORTE E RECORTE), DESTOCA, REMOÇÃO; PLANTIO DE ÁRVORES E VEGETAÇÃO RASTEIRA; MANUTENÇÃO DE VEGETAÇÃO RASTEIRA ARBUSTIVA E RASTEIRA NAS ÁREAS URBANAS E RURAIS DE BEBEDOURO/SP
B12: LOCAL DE APLICAÇÃO: | E12: LOGRADOUROS PÚBLICOS DO MUNICÍPIO DE BEBEDOURO/SP
B14: CÁLCULO DE BDI | D14: Construção de Edifícios | G14: Rodovias e Ferrovias - Infra Urbana, praças, calçadas, etc. | J14: Abastecimento de Água, Coleta de Esgoto | M14: Fornecimento de materiais e equipamentos | P14: Construção e Manutenção de Estações e Redes de Distribuição de Energia Elétrica | S14: Portuárias, Marítimas e Fluviais
B15: Item componente do BDI | C15: % Informado | D15: 1ºQ | E15: Médio | F15: 3º Q | G15: 1ºQ | H15: Médio | I15: 3º Q | J15: 1ºQ | K15: Médio | L15: 3º Q | M15: 1ºQ | N15: Médio | O15: 3º Q | P15: 1ºQ | Q15: Médio | R15: 3º Q | S15: 1ºQ | T15: Médio | U15: 3º Q
B16: Administração Central ( AC ) | C16: 0 | D16: 3 | E16: 4 | F16: 5.5 | G16: 3.8 | H16: 4.01 | I16: 4.67 | J16: 3.43 | K16: 4.93 | L16: 6.71 | M16: 1.5 | N16: 3.45 | O16: 4.49 | P16: 5.29 | Q16: 5.92 | R16: 7.93 | S16: 4 | T16: 5.52 | U16: 7.85
B17: Seguro (S) e Garantia (G) | C17: 0 | D17: 0.8 | E17: 0.8 | F17: 1 | G17: 0.32 | H17: 0.4 | I17: 0.74 | J17: 0.28 | K17: 0.49 | L17: 0.75 | M17: 0.3 | N17: 0.48 | O17: 0.82 | P17: 0.25 | Q17: 0.51 | R17: 0.56 | S17: 0.81 | T17: 1.22 | U17: 1.99
B18: Risco | C18: 0 | D18: 0.97 | E18: 1.27 | F18: 1.27 | G18: 0.5 | H18: 0.56 | I18: 0.97 | J18: 1 | K18: 1.39 | L18: 1.74 | M18: 0.56 | N18: 0.85 | O18: 0.89 | P18: 1 | Q18: 1.48 | R18: 1.97 | S18: 1.46 | T18: 2.32 | U18: 3.16
B19: Despesas Financeiras (DF) | C19: 0 | D19: 0.59 | E19: 1.23 | F19: 1.39 | G19: 1.02 | H19: 1.11 | I19: 1.21 | J19: 0.94 | K19: 0.99 | L19: 1.17 | M19: 0.85 | N19: 0.85 | O19: 1.11 | P19: 1.01 | Q19: 1.07 | R19: 1.11 | S19: 0.94 | T19: 1.02 | U19: 1.33
B20: Lucro (L) | C20: 0 | D20: 6.16 | E20: 7.4 | F20: 8.96 | G20: 6.64 | H20: 7.3 | I20: 8.69 | J20: 6.74 | K20: 8.04 | L20: 9.4 | M20: 3.5 | N20: 5.11 | O20: 6.22 | P20: 8 | Q20: 8.31 | R20: 9.51 | S20: 7.14 | T20: 8.4 | U20: 10.43
B21: Impostos (I) - PIS, COFINS, ISSQN | C21: 0 | D21: Conforme Legislação Específica
B22: Contribuição Previdênciária (I) - CPRB | C22: 0 | D22: Alíquota definida pela lei 12.844/13 (CPRB – contribuição previdenciária sobre a receita bruta).
B24: Observações | G24: VALORES DE BDI POR TIPO DE OBRA
B25: 1) Preencher apenas a coluna % Informado (Coluna B) | G25: Tipo de Obra | M25: 1ºQ | N25: Médio | O25: 3º Q
B26: 2) Os Tributos normalmente aplicáveis são: PIS (O,65%), COFINS (3,00%) e ISS (variável até 5,00% conforme o município). | G26: Construção de Edifícios | M26: 20.34 | N26: 22.12 | O26: 25
B27: 3) O cálculo do BDI se baseia na fórmula abaixo utilizada pelo Acórdão 2622/13 do TCU. | G27: Construção de Rodovias e Ferrovias - Infra Urbana, praças, etc. | M27: 19.6 | N27: 20.97 | O27: 24.23
B28: B.D.I = | C28: =ROUND(((1+(C16+C17+C18)/100)*((1+C19/100)*(1+C20/100))/(1-(C21+C22)/100))-1,4) -> 0 | G28: Rede de Abastecimento de Água, Coleta de Esgotos | M28: 20.76 | N28: 24.18 | O28: 26.44
B29: Fórmula Utilizada: | G29: Estações e Redes de Distribuição de Energia Elétrica | M29: 24 | N29: 25.84 | O29: 27.86
G30: Obras Portuárias, Marítimas e Fluviais | M30: 22.8 | N30: 27.48 | O30: 30.95
G31: Fornecimento de Materiais e Equipamentos | M31: 11.1 | N31: 14.02 | O31: 16.8
B34: Observações sobre os % informados no cálculo do BDI, neste caso:
B36: OS VALORES % INFORMADO ENQUADRAM-SE NOS LIMITES DO ACÓRDÃO 2622/2013-TCU | H36: =(1+C16+C17+C18)*(1+C19)*(1+C20) -> 1 | I36: =H36 -> 1 | J36: =100-C21 -> 100 | K36: =I36/J36 -> 0.01
B37: OS VALORES % INFORMADO DE AC,S,G,R, E DF ESTÃO NOS VALORES MÍNIMOS DOS LIMITES DO ACÓRDÃO 2622/2013-TCU-PLENÁRIO
B38: OS VALORES % INFORMADO DE L FOI CONSIDERADO VALOR ABAIXO DO MÍNIMO DO LIMITE DO ACÓRDÃO 2622/2013-TCU
B39: OS VALORES % INFORMADO DE I FOI CONSIDERADO OS PERCENTUAIS INDICADOS DO ITEM 2) DO CAMPO OBSERVAÇÕES DO ACÓRDÃO 2622/2013-TCU
B40: OS VALORES % INFORMADO DE (CPRB) FOI CONSIDERADO O PERCENTUAL INDICADO PELA LEI 12.844/13.
B44: Acórdão: 64.1. para alguns tipos de obras como construção e reforma de edifícios, ou saneamento e obras hídricas, ou ainda, rodoviárias e ferroviárias, não há aparente vantagem em se desagregar em dois tipos distintos de obras com BDIs específicos, tendo em vista que cada agrupamento desses possui mais características gerais comuns que diferenciadas;

Sheet BASE 185
B1: COMPANHIA DE DESENVOLVIMENTO HABITACIONAL E URBANO
A2: DO ESTADO DE SÃO PAULO
A3: BOLETIM REFERENCIAL DE CUSTOS - TABELA DE SERVIÇOS
A4: SEM DESONERAÇÃO
F5: Versão 195
E6: Data Base: | F6: AGO/24
C7: BDI : | D7: 0 | E7: L.S.: | F7: 1.2823
A8: Referência | B8: Descrição | C8: Un | D8: Material | E8: Mão de Obra | F8: Custo Total
A9: 01 | B9: SERVICO TECNICO ESPECIALIZADO
A10: 01.02 | B10: Parecer técnico
A11: 01.02.071 | B11: Parecer técnico de fundações, contenções e recomendações gerais, para empreendimentos com área construída até 1.000 m² | C11: UN | E11: 6797.2 | F11: 6797.2
A12: 01.02.081 | B12: Parecer técnico de fundações, contenções e recomendações gerais, para empreendimentos com área construída de 1.001 a 2.000 m² | C12: UN | E12: 9038.95 | F12: 9038.95
A13: 01.02.091 | B13: Parecer técnico de fundações, contenções e recomendações gerais, para empreendimentos com área construída de 2.001 a 5.000 m² | C13: UN | E13: 15440.54 | F13: 15440.54
A14: 01.02.101 | B14: Parecer técnico de fundações, contenções e recomendações gerais, para empreendimentos com área construída de 5.001 a 10.000 m² | C14: UN | E14: 21170.81 | F14: 21170.81
A15: 01.02.111 | B15: Parecer técnico de fundações, contenções e recomendações gerais, para empreendimentos com área construída acima de 10.000 m² | C15: UN | E15: 24671.3 | F15: 24671.3
A16: 01.06 | B16: Projeto de instalações elétricas
A17: 01.06.021 | B17: Elaboração de projeto de adequação de entrada de energia elétrica junto a concessionária, com medição em baixa tensão e demanda até 75 kVA | C17: UN | E17: 8682.2 | F17: 8682.2
A18: 01.06.031 | B18: Elaboração de projeto de adequação de entrada de energia elétrica junto a concessionária, com medição em média tensão, subestação simplificada e demanda de 75 kVA a 300 kVA | C18: UN | E18: 14706.14 | F18: 14706.14
A19: 01.06.032 | B19: Elaboração de projeto de adequação de entrada de energia elétrica junto a concessionária, com medição em média tensão e demanda de 75 kVA a 300 kVA | C19: UN | E19: 19900 | F19: 19900
A20: 01.06.041 | B20: Elaboração de projeto de adequação de entrada de energia elétrica junto a concessionária, com medição em média tensão e demanda acima de 300 kVA a 2 MVA | C20: UN | E20: 26469.2 | F20: 26469.2
A21: 01.17 | B21: Projeto executivo
A22: 01.17.031 | B22: Projeto executivo de arquitetura em formato A1 | C22: UN | E22: 3419.6 | F22: 3419.6
A23: 01.17.041 | B23: Projeto executivo de arquitetura em formato A0 | C23: UN | E23: 4622.97 | F23: 4622.97
A24: 01.17.051 | B24: Projeto executivo de estrutura em formato A1 | C24: UN | E24: 2507.91 | F24: 2507.91
A25: 01.17.061 | B25: Projeto executivo de estrutura em formato A0 | C25: UN | E25: 3431.33 | F25: 3431.33
A26: 01.17.071 | B26: Projeto executivo de instalações hidráulicas em formato A1 | C26: UN | E26: 1076.66 | F26: 1076.66
A27: 01.17.081 | B27: Projeto executivo de instalações hidráulicas em formato A0 | C27: UN | E27: 1433.17 | F27: 1433.17
A28: 01.17.111 | B28: Projeto executivo de instalações elétricas em formato A1 | C28: UN | E28: 1195.58 | F28: 1195.58
A29: 01.17.121 | B29: Projeto executivo de instalações elétricas em formato A0 | C29: UN | E29: 1657.76 | F29: 1657.76
A30: 01.17.151 | B30: Projeto executivo de climatização em formato A1 | C30: UN | E30: 2301.27 | F30: 2301.27
A31: 01.17.161 | B31: Projeto executivo de climatização em formato A0 | C31: UN | E31: 3136.88 | F31: 3136.88
A32: 01.17.171 | B32: Projeto executivo de chuveiros automáticos em formato A1 | C32: UN | E32: 1986.79 | F32: 1986.79
A33: 01.17.181 | B33: Projeto executivo de chuveiros automáticos em formato A0 | C33: UN | E33: 2568.01 | F33: 2568.01
A34: 01.20 | B34: Levantamento topográfico e geofísico
A35: 01.20.010 | B35: Taxa de mobilização e desmobilização de equipamentos para execução de levantamento topográfico | C35: TX | D35: 1192.8 | F35: 1192.8
A36: 01.20.280 | B36: Levantamento planimétrico de área pavimentada para veículo e pedestre | C36: M2 | D36: 0.05 | E36: 0.16 | F36: 0.21
A37: 01.20.691 | B37: Levantamento planimétrico cadastral com áreas ocupadas predominantemente por comunidades - área até 20.000 m² (mínimo de 3.500 m²) | C37: M2 | D37: 0.42 | E37: 0.56 | F37: 0.98
A38: 01.20.701 | B38: Levantamento planimétrico cadastral com áreas ocupadas predominantemente por comunidades - área acima de 20.000 m² até 200.000 m² | C38: M2 | D38: 0.33 | E38: 0.42 | F38: 0.75
A39: 01.20.711 | B39: Levantamento planimétrico cadastral com áreas ocupadas predominantemente por comunidades - área acima de 200.000 m² | C39: M2 | D39: 0.27 | E39: 0.35 | F39: 0.62
A40: 01.20.721 | B40: Levantamento planimétrico cadastral com áreas até 50% de ocupação - área até 20.000 m² (mínimo de 3.500 m²) | C40: M2 | D40: 0.36 | E40: 0.48 | F40: 0.84
A41: 01.20.731 | B41: Levantamento planimétrico cadastral com áreas até 50% de ocupação - área acima de 20.000 m² até 200.000 m² | C41: M2 | D41: 0.17 | E41: 0.54 | F41: 0.71
A42: 01.20.741 | B42: Levantamento planimétrico cadastral com áreas até 50% de ocupação - área acima de 200.000 m² | C42: M2 | D42: 0.23 | E42: 0.31 | F42: 0.54
A43: 01.20.751 | B43: Levantamento planimétrico cadastral com áreas acima de 50% de ocupação - área até 20.000 m² (mínimo de 4.000 m²) | C43: M2 | D43: 0.32 | E43: 0.42 | F43: 0.74
A44: 01.20.761 | B44: Levantamento planimétrico cadastral com áreas acima de 50% de ocupação - área acima de 20.000 m² até 200.000 m² | C44: M2 | D44: 0.28 | E44: 0.37 | F44: 0.65
A45: 01.20.771 | B45: Levantamento planimétrico cadastral com áreas acima de 50% de ocupação - área acima de 200.000 m² | C45: M2 | D45: 0.27 | E45: 0.36 | F45: 0.63
A46: 01.20.781 | B46: Levantamento planialtimétrico cadastral com áreas ocupadas predominantemente por comunidades - área até 20.000 m² (mínimo de 3.500 m²) | C46: M2 | D46: 0.44 | E46: 0.59 | F46: 1.03
A47: 01.20.791 | B47: Levantamento planialtimétrico cadastral com áreas ocupadas predominantemente por comunidades - área acima de 20.000 m² até 200.000 m² | C47: M2 | D47: 0.35 | E47: 0.47 | F47: 0.82
... A60: 01.20.921 | B60: Implantação de marcos através de levantamento com GPS (mínimo de 3 marcos) | C60: UN | D60: 778.81 | E60: 485.33 | F60: 1264.14
A61: 01.21 | B61: Estudo geotecnico (sondagem)
A62: 01.21.010 | B62: Taxa de mobilização e desmobilização de equipamentos para execução de sondagem | C62: TX | D62: 1266.23 | F62: 1266.23
A63: 01.21.090 | B63: Taxa de mobilização e desmobilização de equipamentos para execução de sondagem rotativa | C63: TX | D63: 6435.57 | F63: 6435.57
A64: 01.21.100 | B64: Sondagem do terreno a trado | C64: M | D64: 96.77 | F64: 96.77
A65: 01.21.110 | B65: Sondagem do terreno à percussão (mínimo de 30 m) | C65: M | D65: 89.86 | F65: 89.86
A66: 01.21.120 | B66: Sondagem do terreno rotativa em solo | C66: M | D66: 388.28 | F66: 388.28
A67: 01.21.130 | B67: Sondagem do terreno rotativa em rocha | C67: M | D67: 622.25 | F67: 622.25
A68: 01.21.140 | B68: Sondagem do terreno à percussão com a utilização de torquímetro (mínimo de 30 m) | C68: M | D68: 94.6 | F68: 94.6
A69: 01.23 | B69: Tratamento, recuperação e trabalhos especiais em concreto
A70: 01.23.010 | B70: Taxa de mobilização e desmobilização de equipamentos para execução de corte em concreto armado | C70: TX | D70: 374.77 | F70: 374.77
A71: 01.23.020 | B71: Limpeza de armadura com escova de aço | C71: M2 | D71: 2.59 | E71: 6.43 | F71: 9.02
A72: 01.23.030 | B72: Preparo de ponte de aderência com adesivo a base de epóxi | C72: M2 | D72: 102.72 | E72: 47.52 | F72: 150.24
A73: 01.23.056 | B73: Tratamento de armadura com produto anticorrosivo a base de zinco | C73: M2 | D73: 24.99 | E73: 45.3 | F73: 70.29
A74: 01.23.060 | B74: Corte de concreto deteriorado inclusive remoção dos detritos | C74: M2 | E74: 32.15 | F74: 32.15
A75: 01.23.070 | B75: Demarcação de área com disco de corte diamantado | C75: M | D75: 1.06 | E75: 4.75 | F75: 5.81
A76: 01.23.100 | B76: Demolição de concreto armado com preservação de armadura, para reforço e recuperação estrutural | C76: M3 | E76: 485.18 | F76: 485.18
A77: 01.23.140 | B77: Furação de 1 1/4´ em concreto armado | C77: M | D77: 231.98 | F77: 231.98
A78: 01.23.150 | B78: Furação de 1 1/2´ em concreto armado | C78: M | D78: 273.55 | F78: 273.55
A79: 01.23.160 | B79: Furação de 2 1/4´ em concreto armado | C79: M | D79: 340.07 | F79: 340.07
A80: 01.23.190 | B80: Furação de 2 1/2´ em concreto armado | C80: M | D80: 347.99 | F80: 347.99
A81: 01.23.200 | B81: Taxa de mobilização e desmobilização de equipamentos para execução de perfuração em concreto | C81: TX | D81: 258.85 | F81: 258.85
A82: 01.23.221 | B82: Furação para até 10mm x 100mm em concreto armado, inclusive colagem de armadura (para até 8mm) | C82: UN | D82: 12.95 | F82: 12.95
A83: 01.23.222 | B83: Furação para 12,5mm x 100mm em concreto armado, inclusive colagem de armadura (para 10mm) | C83: UN | D83: 14.17 | F83: 14.17
A84: 01.23.223 | B84: Furação para 16mm x 100mm em concreto armado, inclusive colagem de armadura (para 12,5mm) | C84: UN | D84: 15.9 | F84: 15.9
A85: 01.23.231 | B85: Furação para até 10mm x 150mm em concreto armado, inclusive colagem de armadura (para até 8mm) | C85: UN | D85: 19.43 | F85: 19.43
A86: 01.23.232 | B86: Furação para 12,5mm x 150mm em concreto armado, inclusive colagem de armadura (para 10mm) | C86: UN | D86: 20.9 | F86: 20.9
A87: 01.23.233 | B87: Furação para 16mm x 150mm em concreto armado, inclusive colagem de armadura (para 12,5mm) | C87: UN | D87: 23.45 | F87: 23.45
A88: 01.23.234 | B88: Furação para 20mm x 150mm em concreto armado, inclusive colagem de armadura (para 16mm) | C88: UN | D88: 25.32 | F88: 25.32
... A99: 01.23.510 | B99: Corte vertical em concreto armado, espessura de 15 cm | C99: M | D99: 209.11 | F99: 209.11
A100: 01.23.700 | B100: Taxa de mobilização e desmobilização para reforço estrutural com fibra de carbono | C100: TX | D100: 1649.28 | E100: 4362.15 | F100: 6011.43
A101: 01.23.701 | B101: Preparação de substrato para colagem de fibra de carbono, mediante lixamento e/ou apicoamento e escovação | C101: M2 | D101: 6.78 | E101: 46.45 | F101: 53.23
A102: 01.23.702 | B102: Fibra de carbono para reforço estrutural de alta resistência - 300 g/m² | C102: M2 | D102: 204.51 | E102: 330.4 | F102: 534.91
A103: 01.27 | B103: Estudo e programa ambientais
A104: 01.27.011 | B104: Projeto e implementação de gerenciamento integrado de resíduos sólidos e gestão de perdas | C104: UN | D104: 211.1 | E104: 9635.55 | F104: 9846.65
A105: 01.27.021 | B105: Projeto e implementação de educação ambiental | C105: UN | D105: 211.1 | E105: 12906.85 | F105: 13117.95
A106: 01.27.031 | B106: Projeto e implementação de controle ambiental de obra | C106: UN | D106: 211.1 | E106: 11420.55 | F106: 11631.65
A107: 01.27.041 | B107: Laudo de caracterização de vegetação | C107: UN | D107: 608.35 | E107: 26595.53 | F107: 27203.88
A108: 01.27.051 | B108: Laudo de caracterização da fauna associada à flora | C108: UN | D108: 608.35 | E108: 40810.23 | F108: 41418.58
A109: 01.27.061 | B109: Projeto e implementação de monitoramento da fauna durante a obra | C109: UN | D109: 608.35 | E109: 16178.25 | F109: 16786.6
A110: 01.27.071 | B110: Laudo de autodepuração | C110: UN | D110: 494.85 | E110: 19417.65 | F110: 19912.5
A111: 01.27.091 | B111: Estudo de impacto de vizinhança, em área urbana até 10.000 m² | C111: UN | D111: 301.9 | E111: 31450.8 | F111: 31752.7
A112: 01.28 | B112: Poço profundo
A113: 01.28.010 | B113: Taxa de mobilização e desmobilização de equipamentos para execução de perfuração para poço profundo - profundidade até 200 m | C113: TX | D113: 8482.2 | F113: 8482.2
A114: 01.28.020 | B114: Taxa de mobilização e desmobilização de equipamentos para execução de perfuração para poço profundo - profundidade acima de 200 m e até 300 m | C114: TX | D114: 12359.77 | F114: 12359.77
A115: 01.28.030 | B115: Taxa de mobilização e desmobilização de equipamentos para execução de perfuração para poço profundo - profundidade acima de 300 m | C115: TX | D115: 12608.43 | F115: 12608.43
A116: 01.28.040 | B116: Perfuração rotativa para poço profundo em camadas de solos sedimentares, diâmetro de 8 1/2" (215,90 mm) | C116: M | D116: 675.73 | F116: 675.73
A117: 01.28.050 | B117: Perfuração rotativa para poço profundo em aluvião, arenito, ou solos sedimentados em geral, diâmetro de 10" (250 mm) | C117: M | D117: 472.42 | F117: 472.42
A118: 01.28.060 | B118: Perfuração rotativa para poço profundo em aluvião, arenito, ou solos sedimentados em geral, diâmetro de 12" (300 mm) | C118: M | D118: 1236.18 | F118: 1236.18
A119: 01.28.070 | B119: Perfuração rotativa para poço profundo em aluvião, arenito, ou solos sedimentados em geral, diâmetro de 14" (350 mm) | C119: M | D119: 1237.53 | F119: 1237.53
A120: 01.28.080 | B120: Perfuração rotativa para poço profundo em aluvião, arenito, ou solos sedimentados em geral, diâmetro de 16" (400 mm) | C120: M | D120: 1545.91 | F120: 1545.91
A121: 01.28.090 | B121: Perfuração rotativa para poço profundo em aluvião, arenito, ou solos sedimentados em geral, diâmetro de 18" (450 mm) | C121: M | D121: 1994.94 | F121: 1994.94
A122: 01.28.100 | B122: Perfuração rotativa para poço profundo em aluvião, arenito, ou solos sedimentados em geral, diâmetro de 20" (500 mm) | C122: M | D122: 2257.77 | F122: 2257.77
...

Sheet SINAPI
B2: 98532 | C2: PODA EM ALTURA DE ÁRVORE COM DIÂMETRO DE TRONCO MENOR QUE 0,20 M.AF_05/2018 | D2: UN | E2: 122.55
B3: 98533 | C3: PODA EM ALTURA DE ÁRVORE COM DIÂMETRO DE TRONCO MAIOR OU IGUAL A 0,20 M E MENOR QUE 0,40 M.AF_05/2018 | D3: UN | E3: 336.3
B4: 98534 | C4: PODA EM ALTURA DE ÁRVORE COM DIÂMETRO DE TRONCO MAIOR OU IGUAL A 0,40 M E MENOR QUE 0,60 M.AF_05/2018 | D4: UN | E4: 860.74
B5: 98535 | C5: PODA EM ALTURA DE ÁRVORE COM DIÂMETRO DE TRONCO MAIOR OU IGUAL A 0,60 M.AF_05/2018 | D5: UN | E5: 1363.72

Sheet PLAN ORÇ
B2: CONTRATANTE: | E2: PREFEITURA MUNICIPAL DE BEBEDOURO
B3: ÓRGÃOS RESPONSÁVEIS: | E3: ='CRON FIS FIN'!E3:P3 -> DEPARTAMENTO MUNICIPAL DE MEIO AMBIENTE - DMA E SECRETARIA MUNICIPAL DE EDUCAÇÃO - SEMEB
B4: OBJETO DE CONTRATAÇÃO: | E4: CONTRATAÇÃO DE EMPRESA ESPECIALIZADA PARA PRESTAÇÃO DE SERVIÇOS DE MANEJO E MANUTENÇÃO DE LOGRADOUROS PÚBLICOS NO MUNICÍPIO DE BEBEDOURO/SP
B5: DESCRIÇÃO DO OBJETO: | E5: PRESTAÇÃO DE SERVIÇOS ESPECIALIZADOS PARA EXECUÇÃO DE ATIVIDADES DE PODA, ERRADICAÇÃO (CORTE E RECORTE), DESTOCA, REMOÇÃO; PLANTIO DE ÁRVORES E VEGETAÇÃO RASTEIRA; MANUTENÇÃO DE VEGETAÇÃO RASTEIRA ARBUSTIVA E RASTEIRA NAS ÁREAS URBANAS E RURAIS DE BEBEDOURO/SP
B6: LOCAL DE APLICAÇÃO: | E6: LOGRADOUROS PÚBLICOS DO MUNICÍPIO DE BEBEDOURO/SP
B7: BENEFÍCIOS E DESPESAS INDIRETAS (BDI %): | E7: ='BDI_Proposto '!C28 -> 0
B8: PLANILHA ORÇAMENTÁRIA SINTÉTICA
B9: ITEM | C9: FONTE | D9: CÓDIGO | E9: DESCRIÇÃO | F9: UNID. | G9: QUANT. SEMEB | H9: QUANT. DMA | I9: QUANT. TOTAL | J9: MAT | K9: M.O. | L9: MAT. + M.O. | M9: BDI (%) | N9: TOTAL C/ BDI
B10: 1.0 | E10: CORTE, RECORTE E REMOÇÃO DE ÁRVORES | N10: =SUM(N11:N15) -> 0
B11: 1.0.1 | C11: CDHU | D11: 34.13.011 | E11: =IF(D11<>0,VLOOKUP(D11,'BASE 185'!$A$8:$G$4575,2,FALSE),0) -> Corte, recorte e remoção de árvore inclusive as raízes - diâmetro (DAP)>5cm<15cm | F11: =IF(D11<>0,VLOOKUP(D11,'BASE 185'!$A$8:$G$4575,3,FALSE),0) -> UN | G11: 100 | H11: 130 | I11: =G11+H11 -> 230 | J11: 0 | K11: 0 | L11: =J11+K11 -> 0 | M11: 0.196 | N11: =I11*L11*(1+$E$7) -> 0
B12: 1.0.2 | C12: CDHU | D12: 34.13.021 | E12: =IF(D12<>0,VLOOKUP(D12,'BASE 185'!$A$8:$G$4575,2,FALSE),0) -> Corte, recorte e remoção de árvore inclusive as raízes - diâmetro (DAP)>15cm<30cm | F12: =IF(D12<>0,VLOOKUP(D12,'BASE 185'!$A$8:$G$4575,3,FALSE),0) -> UN | G12: 100 | H12: 160 | I12: =G12+H12 -> 260 | J12: 0 | K12: 0 | L12: =J12+K12 -> 0 | M12: 0.196 | N12: =I12*L12*(1+$E$7) -> 0
B13: 1.0.3 | C13: CDHU | D13: 34.13.031 | E13: =IF(D13<>0,VLOOKUP(D13,'BASE 185'!$A$8:$G$4575,2,FALSE),0) -> Corte, recorte e remoção de árvore inclusive as raízes - diâmetro (DAP)>30cm<45cm | F13: =IF(D13<>0,VLOOKUP(D13,'BASE 185'!$A$8:$G$4575,3,FALSE),0) -> UN | G13: 100 | H13: 120 | I13: =G13+H13 -> 220 | J13: 0 | K13: 0 | L13: =J13+K13 -> 0 | M13: 0.196 | N13: =I13*L13*(1+$E$7) -> 0
B14: 1.0.4 | C14: CDHU | D14: 34.13.041 | E14: =IF(D14<>0,VLOOKUP(D14,'BASE 185'!$A$8:$G$4575,2,FALSE),0) -> Corte, recorte e remoção de árvore inclusive as raízes - diâmetro (DAP)>45cm<60cm | F14: =IF(D14<>0,VLOOKUP(D14,'BASE 185'!$A$8:$G$4575,3,FALSE),0) -> UN | G14: 60 | H14: 50 | I14: =G14+H14 -> 110 | J14: 0 | K14: 0 | L14: =J14+K14 -> 0 | M14: 0.196 | N14: =I14*L14*(1+$E$7) -> 0
B15: 1.0.5 | C15: CDHU | D15: 34.13.051 | E15: =IF(D15<>0,VLOOKUP(D15,'BASE 185'!$A$8:$G$4575,2,FALSE),0) -> Corte, recorte e remoção de árvore inclusive as raízes - diâmetro (DAP)>60cm<100cm | F15: =IF(D15<>0,VLOOKUP(D15,'BASE 185'!$A$8:$G$4575,3,FALSE),0) -> UN | G15: 30 | H15: 8 | I15: =G15+H15 -> 38 | J15: 0 | K15: 0 | L15: =J15+K15 -> 0 | M15: 0.196 | N15: =I15*L15*(1+$E$7) -> 0
B16: 2.0 | E16: PODA DE ÁRVORES E LIMPEZA DE COQUEIROS E PALMEIRAS EM ALTURA | N16: =SUM(N17:N20) -> 0
B17: 2.0.1 | C17: SINAPI | D17: 98532 | E17: Poda em altura de árvore com diâmetro de tronco menor que 0,20 m. af_03/2024 (com trituração e remoção do resíduo) | F17: UN | G17: 250 | H17: 100 | I17: =G17+H17 -> 350 | J17: 0 | K17: 0 | L17: =J17+K17 -> 0 | M17: 0.196 | N17: =I17*L17*(1+$E$7) -> 0
B18: 2.0.2 | C18: SINAPI | D18: 98533 | E18: Poda em altura de árvore com diâmetro de tronco maior ou igual a 0,20 m e menor que 0,40 m. af_03/2024 (com trituração e remoção do resíduo) | F18: UN | G18: 300 | H18: 160 | I18: =G18+H18 -> 460 | J18: 0 | K18: 0 | L18: =J18+K18 -> 0 | M18: 0.196 | N18: =I18*L18*(1+$E$7) -> 0
B19: 2.0.3 | C19: SINAPI | D19: 98534 | E19: Poda em altura de árvore com diâmetro de tronco maior ou igual a 0,40 m e menor que 0,60 m. af_03/2024 (com trituração e remoção do resíduo) | F19: UN | G19: 300 | H19: 260 | I19: =G19+H19 -> 560 | J19: 0 | K19: 0 | L19: =J19+K19 -> 0 | M19: 0.196 | N19: =I19*L19*(1+$E$7) -> 0
B20: 2.0.4 | C20: SINAPI | D20: 98535 | E20: Poda em altura de árvore com diâmetro de tronco maior ou igual a 0,60 m. af_03/2024 (com trituração e remoção do resíduo) | F20: UN | G20: 300 | H20: 320 | I20: =G20+H20 -> 620 | J20: 0 | K20: 0 | L20: =J20+K20 -> 0 | M20: 0.196 | N20: =I20*L20*(1+$E$7) -> 0
B21: 3.0 | E21: FORNECIMENTO E PLANTIO DE MUDAS DE ÁRVORES ORNAMENTAIS EM LOGRADOUROS | N21: =SUM(N22:N25) -> 0
B22: 3.0.1 | C22: CDHU | D22: 34.03.020 | E22: =IF(D22<>0,VLOOKUP(D22,'BASE 185'!$A$8:$G$4575,2,FALSE),0) -> Arbusto Azaléa - h= 0,60 a 0,80 m | F22: =IF(D22<>0,VLOOKUP(D22,'BASE 185'!$A$8:$G$4575,3,FALSE),0) -> UN | G22: 300 | H22: 100 | I22: =G22+H22 -> 400 | J22: 0 | K22: 0 | L22: =J22+K22 -> 0 | M22: 0.196 | N22: =I22*(L22*(1+$E$7)) -> 0
B23: 3.0.2 | C23: CDHU | D23: 34.03.120 | E23: =IF(D23<>0,VLOOKUP(D23,'BASE 185'!$A$8:$G$4575,2,FALSE),0) -> Arbusto Moréia - h= 0,50 m | F23: =IF(D23<>0,VLOOKUP(D23,'BASE 185'!$A$8:$G$4575,3,FALSE),0) -> UN | G23: 300 | H23: 420 | I23: =G23+H23 -> 720 | J23: 0 | K23: 0 | L23: =J23+K23 -> 0 | M23: 0.196 | N23: =I23*(L23*(1+$E$7)) -> 0
B24: 3.0.3 | C24: CDHU | D24: 34.03.130 | E24: =IF(D24<>0,VLOOKUP(D24,'BASE 185'!$A$8:$G$4575,2,FALSE),0) -> Arbusto Alamanda - h= 0,60 a 0,80 m | F24: =IF(D24<>0,VLOOKUP(D24,'BASE 185'!$A$8:$G$4575,3,FALSE),0) -> UN | G24: 300 | H24: 260 | I24: =G24+H24 -> 560 | J24: 0 | K24: 0 | L24: =J24+K24 -> 0 | M24: 0.196 | N24: =I24*(L24*(1+$E$7)) -> 0
B25: 3.0.4 | C25: CDHU | D25: 34.03.150 | E25: =IF(D25<>0,VLOOKUP(D25,'BASE 185'!$A$8:$G$4575,2,FALSE),0) -> Arbusto Curcúligo - h= 0,60 a 0,80 m | F25: =IF(D25<>0,VLOOKUP(D25,'BASE 185'!$A$8:$G$4575,3,FALSE),0) -> UN | G25: 300 | H25: 150 | I25: =G25+H25 -> 450 | J25: 0 | K25: 0 | L25: =J25+K25 -> 0 | M25: 0.196 | N25: =I25*(L25*(1+$E$7)) -> 0
B26: 4.0 | E26: FORNECIMENTO E PLANTIO DE ÁRVORES EM LOGRADOUROS | N26: =SUM(N27:N34) -> 0
B27: 4.0.1 | C27: CDHU | D27: 34.04.050 | E27: =IF(D27<>0,VLOOKUP(D27,'BASE 185'!$A$8:$G$4575,2,FALSE),0) -> Árvore ornamental tipo Pata de Vaca - h= 2,00 m | F27: =IF(D27<>0,VLOOKUP(D27,'BASE 185'!$A$8:$G$4575,3,FALSE),0) -> UN | G27: 150 | H27: 100 | I27: =G27+H27 -> 250 | J27: 0 | K27: 0 | L27: =J27+K27 -> 0 | M27: 0.196 | N27: =I27*(L27*(1+$E$7)) -> 0
B28: 4.0.2 | C28: CDHU | D28: 34.04.130 | E28: =IF(D28<>0,VLOOKUP(D28,'BASE 185'!$A$8:$G$4575,2,FALSE),0) -> Árvore ornamental tipo Ipê Amarelo - h= 2,00 m | F28: =IF(D28<>0,VLOOKUP(D28,'BASE 185'!$A$8:$G$4575,3,FALSE),0) -> UN | G28: 150 | H28: 600 | I28: =G28+H28 -> 750 | J28: 0 | K28: 0 | L28: =J28+K28 -> 0 | M28: 0.196 | N28: =I28*(L28*(1+$E$7)) -> 0
B29: 4.0.3 | C29: CDHU | D29: 34.04.160 | E29: =IF(D29<>0,VLOOKUP(D29,'BASE 185'!$A$8:$G$4575,2,FALSE),0) -> Árvore ornamental tipo Areca Bambu - h= 2,00 m | F29: =IF(D29<>0,VLOOKUP(D29,'BASE 185'!$A$8:$G$4575,3,FALSE),0) -> UN | G29: 150 | H29: 100 | I29: =G29+H29 -> 250 | J29: 0 | K29: 0 | L29: =J29+K29 -> 0 | M29: 0.196 | N29: =I29*(L29*(1+$E$7)) -> 0
B30: 4.0.4 | C30: CDHU | D30: 34.04.164 | E30: =IF(D30<>0,VLOOKUP(D30,'BASE 185'!$A$8:$G$4575,2,FALSE),0) -> Árvore ornamental tipo Falso barbatimão - h= 2,00 m | F30: =IF(D30<>0,VLOOKUP(D30,'BASE 185'!$A$8:$G$4575,3,FALSE),0) -> UN | G30: 150 | H30: 50 | I30: =G30+H30 -> 200 | J30: 0 | K30: 0 | L30: =J30+K30 -> 0 | M30: 0.196 | N30: =I30*(L30*(1+$E$7)) -> 0
B31: 4.0.5 | C31: CDHU | D31: 34.04.166 | E31: =IF(D31<>0,VLOOKUP(D31,'BASE 185'!$A$8:$G$4575,2,FALSE),0) -> Árvore ornamental tipo Aroeira salsa - h= 2,00 m | F31: =IF(D31<>0,VLOOKUP(D31,'BASE 185'!$A$8:$G$4575,3,FALSE),0) -> UN | G31: 150 | H31: 100 | I31: =G31+H31 -> 250 | J31: 0 | K31: 0 | L31: =J31+K31 -> 0 | M31: 0.196 | N31: =I31*(L31*(1+$E$7)) -> 0
B32: 4.0.6 | C32: CDHU | D32: 34.04.280 | E32: =IF(D32<>0,VLOOKUP(D32,'BASE 185'!$A$8:$G$4575,2,FALSE),0) -> Árvore ornamental tipo Manacá-da-serra - h= 2,00 m | F32: =IF(D32<>0,VLOOKUP(D32,'BASE 185'!$A$8:$G$4575,3,FALSE),0) -> UN | G32: 150 | H32: 80 | I32: =G32+H32 -> 230 | J32: 0 | K32: 0 | L32: =J32+K32 -> 0 | M32: 0.196 | N32: =I32*(L32*(1+$E$7)) -> 0
B33: 4.0.7 | C33: CDHU | D33: 34.04.360 | E33: =IF(D33<>0,VLOOKUP(D33,'BASE 185'!$A$8:$G$4575,2,FALSE),0) -> Árvore ornamental tipo coqueiro Jerivá - h= 4,00 m | F33: =IF(D33<>0,VLOOKUP(D33,'BASE 185'!$A$8:$G$4575,3,FALSE),0) -> UN | G33: 150 | H33: 250 | I33: =G33+H33 -> 400 | J33: 0 | K33: 0 | L33: =J33+K33 -> 0 | M33: 0.196 | N33: =I33*(L33*(1+$E$7)) -> 0
B34: 4.0.8 | C34: CDHU | D34: 34.04.370 | E34: =IF(D34<>0,VLOOKUP(D34,'BASE 185'!$A$8:$G$4575,2,FALSE),0) -> Árvore ornamental tipo Quaresmeira - h= 1,50 / 2,00 m | F34: =IF(D34<>0,VLOOKUP(D34,'BASE 185'!$A$8:$G$4575,3,FALSE),0) -> UN | G34: 150 | H34: 100 | I34: =G34+H34 -> 250 | J34: 0 | K34: 0 | L34: =J34+K34 -> 0 | M34: 0.196 | N34: =I34*(L34*(1+$E$7)) -> 0
B35: 5.0 | E35: FORNECIMENTO E PLANTIO DE VEGETAÇÃO RASTEIRA EM LOGRADOUROS | N35: =SUM(N36:N41) -> 0
B36: 5.0.1 | C36: CDHU | D36: 34.01.020 | E36: =IF(D36<>0,VLOOKUP(D36,'BASE 185'!$A$8:$G$4575,2,FALSE),0) -> Limpeza e regularização de áreas para ajardinamento (jardins e canteiros) | F36: =IF(D36<>0,VLOOKUP(D36,'BASE 185'!$A$8:$G$4575,3,FALSE),0) -> M2 | G36: 2000 | H36: 3000 | I36: =G36+H36 -> 5000 | J36: 0 | K36: 0 | L36: =J36+K36 -> 0 | M36: 0.196 | N36: =I36*(L36*(1+$E$7)) -> 0
B37: 5.0.2 | C37: CDHU | D37: 34.01.010 | E37: =IF(D37<>0,VLOOKUP(D37,'BASE 185'!$A$8:$G$4575,2,FALSE),0) -> Terra vegetal orgânica comum | F37: =IF(D37<>0,VLOOKUP(D37,'BASE 185'!$A$8:$G$4575,3,FALSE),0) -> M3 | G37: 20 | H37: 30 | I37: =G37+H37 -> 50 | J37: 0 | K37: 0 | L37: =J37+K37 -> 0 | M37: 0.196 | N37: =I37*(L37*(1+$E$7)) -> 0
B38: 5.0.3 | C38: CDHU | D38: 34.02.020 | E38: =IF(D38<>0,VLOOKUP(D38,'BASE 185'!$A$8:$G$4575,2,FALSE),0) -> Plantio de grama batatais em placas (praças e áreas abertas) | F38: =IF(D38<>0,VLOOKUP(D38,'BASE 185'!$A$8:$G$4575,3,FALSE),0) -> M2 | G38: 0 | H38: 500 | I38: =G38+H38 -> 500 | J38: 0 | K38: 0 | L38: =J38+K38 -> 0 | M38: 0.196 | N38: =I38*(L38*(1+$E$7)) -> 0
B39: 5.0.4 | C39: CDHU | D39: 34.02.040 | E39: =IF(D39<>0,VLOOKUP(D39,'BASE 185'!$A$8:$G$4575,2,FALSE),0) -> Plantio de grama batatais em placas (jardins e canteiros) | F39: =IF(D39<>0,VLOOKUP(D39,'BASE 185'!$A$8:$G$4575,3,FALSE),0) -> M2 | G39: 0 | H39: 500 | I39: =G39+H39 -> 500 | J39: 0 | K39: 0 | L39: =J39+K39 -> 0 | M39: 0.196 | N39: =I39*(L39*(1+$E$7)) -> 0
B40: 5.0.5 | C40: CDHU | D40: 34.02.080 | E40: =IF(D40<>0,VLOOKUP(D40,'BASE 185'!$A$8:$G$4575,2,FALSE),0) -> Plantio de grama São Carlos em placas (jardins e canteiros) | F40: =IF(D40<>0,VLOOKUP(D40,'BASE 185'!$A$8:$G$4575,3,FALSE),0) -> M2 | G40: 0 | H40: 1100 | I40: =G40+H40 -> 1100 | J40: 0 | K40: 0 | L40: =J40+K40 -> 0 | M40: 0.196 | N40: =I40*(L40*(1+$E$7)) -> 0
B41: 5.0.6 | C41: CDHU | D41: 34.02.100 | E41: =IF(D41<>0,VLOOKUP(D41,'BASE 185'!$A$8:$G$4575,2,FALSE),0) -> Plantio de grama esmeralda em placas (jardins e canteiros) | F41: =IF(D41<>0,VLOOKUP(D41,'BASE 185'!$A$8:$G$4575,3,FALSE),0) -> M2 | G41: 5000 | H41: 2300 | I41: =G41+H41 -> 7300 | J41: 0 | K41: 0 | L41: =J41+K41 -> 0 | M41: 0.196 | N41: =I41*(L41*(1+$E$7)) -> 0
B42: 6.0 | E42: RELATÓRIO TÉCNICO: FITOPATOLOGIA GERAL | N42: =SUM(N43:N43) -> 0
B43: 6.0.1 | C43: COMP-01 | D43: CP-01 | E43: Serviços de engenharia agronômica para realização de tomografia sônica em árvores, com emissão de Relatórios Técnicos | F43: UN | G43: 50 | H43: 50 | I43: =G43+H43 -> 100 | J43: 0 | K43: 0 | L43: =J43+K43 -> 0 | M43: 0.196 | N43: =I43*(L43*(1+$E$7)) -> 0
B45: TOTAL GERAL COM BDI - 19,60 % | N45: =N42+N10+N16+N21+N26+N35 -> 0
B47: VALORES POR ETAPAS E TOTAL (R$)
B48: 1.0 | C48: =E10 -> CORTE, RECORTE E REMOÇÃO DE ÁRVORES | N48: =N10 -> 0
B49: 2.0 | C49: =E16 -> PODA DE ÁRVORES E LIMPEZA DE COQUEIROS E PALMEIRAS EM ALTURA | N49: =N16 -> 0
B50: 3.0 | C50: =E21 -> FORNECIMENTO E PLANTIO DE MUDAS DE ÁRVORES ORNAMENTAIS EM LOGRADOUROS | N50: =N21 -> 0
B51: 4.0 | C51: =E26 -> FORNECIMENTO E PLANTIO DE ÁRVORES EM LOGRADOUROS | N51: =N26 -> 0
B52: 5.0 | C52: =E35 -> FORNECIMENTO E PLANTIO DE VEGETAÇÃO RASTEIRA EM LOGRADOUROS | N52: =N35 -> 0
B53: 6.0 | C53: =E42 -> RELATÓRIO TÉCNICO: FITOPATOLOGIA GERAL | N53: =N42 -> 0
B54: TOTAL GERAL COM BDI - 19,60 % | N54: =SUM(N48:N53) -> 0
B56: * PREENCHER SOMENTE AS CÉLULAS EM AMARELO

Sheet REVISADA
E2: CONTRATANTE: PREFEITURA MUNICIPAL DE BEBEDOURO
E3: OBRA: PODA E PLANTIO DE ARVORES EM VIAS PÚBLICAS DO MUNICÍPIO DE BEBEDOURO/SP
E4: LOCAL: VIAS PÚBLICAS DO MUNICÍPIO DE BEBEDOURO/SP
E5: PLANILHA ORÇAMENTÁRIA - BASES DE PREÇOS (CDHU 190 - VIGÊNCIA: MAIO 2023)
B6: ITEM | C6: FONTE | D6: CÓDIGO | E6: DESCRIÇÃO | F6: UNID. | G6: QUANT. | H6: MAT | I6: M.O. | J6: MAT + M.O. | K6: TOTAL
B7: 1.0 | E7: CORTE, RECORTE E REMOÇÃO DE ÁRVORES | K7: =SUM(K8:K10) -> 239890
B8: 1.0.1 | C8: CDHU | D8: 34.13.011 | E8: Corte, recorte e remoção de árvore inclusive as raízes - diâmetro (DAP)>5cm<15cm (OBS.: INCLUINDO MATERIAIS E MÃO-DE-OBRA) | F8: UN | G8: 200 | H8: 99.84 | I8: 158.94 | J8: 258.78 | K8: 51756
B9: 1.0.2 | C9: CDHU | D9: 34.13.021 | E9: Corte, recorte e remoção de árvore inclusive as raízes - diâmetro (DAP)>15cm<30cm (OBS.: INCLUINDO MATERIAIS E MÃO-DE-OBRA) | F9: UN | G9: 200 | H9: 529.28 | I9: 195.72 | J9: 725 | K9: 145000
B10: 1.0.3 | C10: CDHU | D10: 34.13.031 | E10: Corte, recorte e remoção de árvore inclusive as raízes - diâmetro (DAP)>30cm<45cm (OBS.: INCLUINDO MATERIAIS E MÃO-DE-OBRA) | F10: UN | G10: 20 | H10: 1802.04 | I10: 354.66 | J10: 2156.7 | K10: 43134
B11: 2.0 | E11: PODA DE ÁRVORES EM ALTURA | K11: =SUM(K12:K15) -> 1073324
B12: 2.0.1 | C12: SINAPI | D12: 98532 | E12: PODA EM ALTURA DE ÁRVORE COM DIÂMETRO DE TRONCO MENOR QUE 0,20 M.AF_05/2018 (OBS.: SOMENTE SERVIÇOS) | F12: UN | G12: 400 | H12: 0 | I12: 122.55 | J12: 122.55 | K12: 49020
B13: 2.0.2 | C13: SINAPI | D13: 98533 | E13: PODA EM ALTURA DE ÁRVORE COM DIÂMETRO DE TRONCO MAIOR OU IGUAL A 0,20 M E MENOR QUE 0,40 M.AF_05/2018 (OBS.: SOMENTE SERVIÇOS) | F13: UN | G13: 400 | H13: 0 | I13: 336.3 | J13: 336.3 | K13: 134520
B14: 2.0.3 | C14: SINAPI | D14: 98534 | E14: PODA EM ALTURA DE ÁRVORE COM DIÂMETRO DE TRONCO MAIOR OU IGUAL A 0,40 M E MENOR QUE 0,60 M.AF_05/2018 (OBS.: SOMENTE SERVIÇOS) | F14: UN | G14: 400 | H14: 0 | I14: 860.74 | J14: 860.74 | K14: 344296
B15: 2.0.4 | C15: SINAPI | D15: 98535 | E15: PODA EM ALTURA DE ÁRVORE COM DIÂMETRO DE TRONCO MAIOR OU IGUAL A 0,60 M.AF_05/2018 (OBS.: SOMENTE SERVIÇOS) | F15: UN | G15: 400 | H15: 0 | I15: 1363.72 | J15: 1363.72 | K15: 545488
B16: 3.0 | E16: FORNECIMENTO DE VEGETAÇÃO ARBUSTIVA | K16: =SUM(K17:K20) -> 79100
B17: 3.0.1 | C17: CDHU | D17: 34.03.020 | E17: Arbusto Azaléa - h= 0,60 a 0,80 m (OBS.: INCLUINDO MATERIAIS E MÃO-DE-OBRA) | F17: UN | G17: 400 | H17: 51.76 | I17: 3.78 | J17: 55.54 | K17: 22216
B18: 3.0.2 | C18: CDHU | D18: 34.03.120 | E18: Arbusto Moréia - h= 0,50 m (OBS.: INCLUINDO MATERIAIS E MÃO-DE-OBRA) | F18: UN | G18: 400 | H18: 35.37 | I18: 3.78 | J18: 39.15 | K18: 15660
B19: 3.0.3 | C19: CDHU | D19: 34.03.130 | E19: Arbusto Alamanda - h= 0,60 a 0,80 m (OBS.: INCLUINDO MATERIAIS E MÃO-DE-OBRA) | F19: UN | G19: 400 | H19: 37.93 | I19: 3.78 | J19: 41.71 | K19: 16684
B20: 3.0.4 | C20: CDHU | D20: 34.03.150 | E20: Arbusto Curcúligo - h= 0,60 a 0,80 m (OBS.: INCLUINDO MATERIAIS E MÃO-DE-OBRA) | F20: UN | G20: 400 | H20: 57.57 | I20: 3.78 | J20: 61.35 | K20: 24540
B21: 4.0 | E21: FORNECIMENTO DE ÁRVORES | K21: =SUM(K22:K29) -> 265936
B22: 4.0.1 | C22: CDHU | D22: 34.04.050 | E22: Árvore ornamental tipo Pata de Vaca - h= 2,00 m (OBS.: INCLUINDO MATERIAIS E MÃO-DE-OBRA) | F22: UN | G22: 200 | H22: 79.81 | I22: 32.76 | J22: 112.57 | K22: 22514
B23: 4.0.2 | C23: CDHU | D23: 34.04.130 | E23: Árvore ornamental tipo Ipê Amarelo - h= 2,00 m (OBS.: INCLUINDO MATERIAIS E MÃO-DE-OBRA) | F23: UN | G23: 200 | H23: 90.14 | I23: 32.76 | J23: 122.9 | K23: 24580
B24: 4.0.3 | C24: CDHU | D24: 34.04.160 | E24: Árvore ornamental tipo Areca Bambu - h= 2,00 m (OBS.: INCLUINDO MATERIAIS E MÃO-DE-OBRA) | F24: UN | G24: 200 | H24: 130.46 | I24: 32.76 | J24: 163.22 | K24: 32644
B25: 4.0.4 | C25: CDHU | D25: 34.04.164 | E25: Árvore ornamental tipo Falso barbatimão - h= 2,00 m (OBS.: INCLUINDO MATERIAIS E MÃO-DE-OBRA) | F25: UN | G25: 200 | H25: 213.35 | I25: 3.69 | J25: 217.04 | K25: 43408
B26: 4.0.5 | C26: CDHU | D26: 34.04.166 | E26: Árvore ornamental tipo Aroeira salsa - h= 2,00 m (OBS.: INCLUINDO MATERIAIS E MÃO-DE-OBRA) | F26: UN | G26: 200 | H26: 104.93 | I26: 3.69 | J26: 108.62 | K26: 21724
B27: 4.0.6 | C27: CDHU | D27: 34.04.280 | E27: Árvore ornamental tipo Manacá-da-serra - h= 2,00 m (OBS.: INCLUINDO MATERIAIS E MÃO-DE-OBRA) | F27: UN | G27: 200 | H27: 131.83 | I27: 32.76 | J27: 164.59 | K27: 32918
B28: 4.0.7 | C28: CDHU | D28: 34.04.360 | E28: Árvore ornamental tipo coqueiro Jerivá - h= 4,00 m (OBS.: INCLUINDO MATERIAIS E MÃO-DE-OBRA) | F28: UN | G28: 200 | H28: 314.37 | I28: 32.76 | J28: 347.13 | K28: 69426
B29: 4.0.8 | C29: CDHU | D29: 34.04.370 | E29: Árvore ornamental tipo Quaresmeira (Tibouchina granulosa) - h= 1,50 / 2,00 m (OBS.: INCLUINDO MATERIAIS E MÃO-DE-OBRA) | F29: UN | G29: 200 | H29: 60.85 | I29: 32.76 | J29: 93.61 | K29: 18722
B30: 5.0 | E30: PREPARAÇÃO DE SOLO E VEGETAÇÃO RASTEIRA | K30: =SUM(K31:K35) -> 78559
B31: 5.0.1 | C31: CDHU | D31: 34.01.010 | E31: Terra vegetal orgânica comum (OBS.: INCLUINDO MATERIAIS E MÃO-DE-OBRA) | F31: M3 | G31: 200 | H31: 167.98 | I31: 50.9 | J31: 218.88 | K31: 43776
B32: 5.0.2 | C32: CDHU | D32: 34.01.020 | E32: Limpeza e regularização de áreas para ajardinamento (jardins e canteiros) (OBS.: SOMENTE SERVIÇOS) | F32: M2 | G32: 200 | H32: 0 | I32: 2.04 | J32: 2.04 | K32: 408
B33: 5.0.3 | C33: CDHU | D33: 34.02.020 | E33: Plantio de grama batatais em placas (praças e áreas abertas) (OBS.: INCLUINDO MATERIAIS E MÃO-DE-OBRA) | F33: M2 | G33: 1000 | H33: 10.91 | I33: 3.43 | J33: =H33+I33 -> 14.34 | K33: =J33*G33 -> 14340
B34: 5.0.4 | C34: CDHU | D34: 34.02.080 | E34: Plantio de grama São Carlos em placas (jardins e canteiros) (OBS.: INCLUINDO MATERIAIS E MÃO-DE-OBRA) | F34: M2 | G34: 500 | H34: 18.14 | I34: 5.15 | J34: 23.29 | K34: 11645
B35: 5.0.5 | C35: CDHU | D35: 34.02.100 | E35: Plantio de grama esmeralda em placas (jardins e canteiros) (OBS.: INCLUINDO MATERIAIS E MÃO-DE-OBRA) | F35: M2 | G35: 500 | H35: 11.63 | I35: 5.15 | J35: 16.78 | K35: 8390
B36: 6.0 | E36: INSTALAÇÃO E RETIRADA (CERCAS E ALAMBRADOS) | K36: =SUM(K37:K44) -> 517650
B37: 6.0.1 | C37: CDHU | D37: 04.01.100 | E37: Retirada de cerca (OBS.: SOMENTE SERVIÇOS) | F37: M | G37: 1000 | H37: 0 | I37: 12.62 | J37: 12.62 | K37: 12620
B38: 6.0.2 | C38: CDHU | D38: 34.05.020 | E38: Cerca em arame farpado com mourões de concreto (OBS.: INCLUINDO MATERIAIS E MÃO-DE-OBRA) | F38: M | G38: 1000 | H38: 31.02 | I38: 32.76 | J38: 63.78 | K38: 63780
B39: 6.0.3 | C39: CDHU | D39: 34.05.030 | E39: Cerca em arame farpado com mourões de concreto, com ponta inclinada (OBS.: INCLUINDO MATERIAIS E MÃO-DE-OBRA) | F39: M | G39: 1000 | H39: 41.75 | I39: 32.76 | J39: 74.51 | K39: 74510
B40: 6.0.4 | C40: CDHU | D40: 34.05.032 | E40: Cerca em arame farpado com mourões de concreto, com ponta inclinada - 12 fiadas (OBS.: INCLUINDO MATERIAIS E MÃO-DE-OBRA) | F40: M | G40: 1000 | H40: 48.28 | I40: 32.76 | J40: 81.04 | K40: 81040
B41: 6.0.5 | C41: CDHU | D41: 34.05.050 | E41: Cerca em tela de aço galvanizado de 2´, montantes em mourões de concreto com ponta inclinada e arame farpado (OBS.: INCLUINDO MATERIAIS E MÃO-DE-OBRA) | F41: M | G41: 1000 | H41: 163.34 | I41: 52.54 | J41: 215.88 | K41: 215880
B42: 6.0.6 | C42: CDHU | D42: 04.09.140 | E42: Retirada de poste ou sistema de sustentação para alambrado ou fechamento (OBS.: SOMENTE SERVIÇOS) | F42: UN | G42: 1000 | H42: 0 | I42: 26.47 | J42: 26.47 | K42: 26470
B43: 6.0.7 | C43: CDHU | D43: 34.20.160 | E43: Recolocação de alambrado, com altura até 4,50 m (OBS.: INCLUINDO MATERIAIS E MÃO-DE-OBRA) | F43: M2 | G43: 1000 | H43: 2.14 | I43: 16.66 | J43: 18.8 | K43: 18800
B44: 6.0.8 | C44: CDHU | D44: 34.20.170 | E44: Recolocação de alambrado, com altura acima de 4,50 m (OBS.: INCLUINDO MATERIAIS E MÃO-DE-OBRA) | F44: M2 | G44: 1000 | H44: 2.22 | I44: 22.33 | J44: 24.55 | K44: 24550
B46: TOTAL GERAL | K46: =K7+K11+K16+K21+K30+K36 -> 2254459
B48: VALORES POR ETAPAS E TOTAL (R$)
B49: 1.0 | C49: =E7 -> CORTE, RECORTE E REMOÇÃO DE ÁRVORES | K49: =K7 -> 239890
B50: 2.0 | C50: =E11 -> PODA DE ÁRVORES EM ALTURA | K50: =K11 -> 1073324
B51: 3.0 | C51: =E16 -> FORNECIMENTO DE VEGETAÇÃO ARBUSTIVA | K51: =K16 -> 79100
B52: 4.0 | C52: =E21 -> FORNECIMENTO DE ÁRVORES | K52: =K21 -> 265936
B53: 5.0 | C53: =E30 -> PREPARAÇÃO DE SOLO E VEGETAÇÃO RASTEIRA | K53: =K30 -> 78559
B54: 6.0 | C54: =E36 -> INSTALAÇÃO E RETIRADA (CERCAS E ALAMBRADOS) | K54: =K36 -> 517650
B55: VALOR TOTAL (R$) | K55: =SUM(K49:K54) -> 2254459

Sheet CRON FIS FIN
C2: PREFEITURA MUNICIPAL DE BEBEDOURO | D2: CRONOGRAMA FÍSICO - FINANCEIRO
D3: DEPTO: | E3: DEPARTAMENTO MUNICIPAL DE MEIO AMBIENTE - DMA E SECRETARIA MUNICIPAL DE EDUCAÇÃO - SEMEB
D4: OBRA: | E4: ='PLAN ORÇ'!E4:N4 -> CONTRATAÇÃO DE EMPRESA ESPECIALIZADA PARA PRESTAÇÃO DE SERVIÇOS DE MANEJO E MANUTENÇÃO DE LOGRADOUROS PÚBLICOS NO MUNICÍPIO DE BEBEDOURO/SP
D5: LOCAIS: | E5: ='PLAN ORÇ'!E6:N6 -> LOGRADOUROS PÚBLICOS DO MUNICÍPIO DE BEBEDOURO/SP
B6: ITEM | C6: DESCRIÇÃO DE ATIVIDADES | D6: A REALIZAR (MENSAL)
C7: ETAPAS DA OBRA | D7: 1º MÊS | E7: 2º MÊS | F7: 3º MÊS | G7: 4º MÊS | H7: 5º MÊS | I7: 6º MÊS | J7: 7º MÊS | K7: 8º MÊS | L7: 9º MÊS | M7: 10º MÊS | N7: 11º MÊS | O7: 12º MÊS | P7: TOTAL
B8: 1.0 | C8: ='PLAN ORÇ'!E10 -> CORTE, RECORTE E REMOÇÃO DE ÁRVORES | D8: ='PLAN ORÇ'!N10/12 -> 0 | E8: =D8 -> 0 | F8: =E8 -> 0 | G8: =F8 -> 0 | H8: =G8 -> 0 | I8: =H8 -> 0 | J8: =I8 -> 0 | K8: =J8 -> 0 | L8: =K8 -> 0 | ... O8: =N8 -> 0 | P8: =D8+E8+F8+G8+H8+I8+J8+K8+L8+M8+N8+O8 -> 0
B9: 2.0 | C9: ='PLAN ORÇ'!C49:L49 -> PODA DE ÁRVORES E LIMPEZA DE COQUEIROS E PALMEIRAS EM ALTURA | D9: ='PLAN ORÇ'!N49/12 -> 0 | E9: =D9 -> 0 | F9: =E9 -> 0 | G9: =F9 -> 0 | H9: =G9 -> 0 | I9: =H9 -> 0 | J9: =I9 -> 0 | K9: =J9 -> 0 | L9: =K9 -> 0 | ... O9: =N9 -> 0 | P9: =D9+E9+F9+G9+H9+I9+J9+K9+L9+M9+N9+O9 -> 0
B10: 3.0 | C10: ='PLAN ORÇ'!E21 -> FORNECIMENTO E PLANTIO DE MUDAS DE ÁRVORES ORNAMENTAIS EM LOGRADOUROS | D10: ='PLAN ORÇ'!N21/12 -> 0 | E10: =D10 -> 0 | F10: =E10 -> 0 | G10: =F10 -> 0 | H10: =G10 -> 0 | I10: =H10 -> 0 | J10: =I10 -> 0 | K10: =J10 -> 0 | L10: =K10 -> 0 | ... O10: =N10 -> 0 | P10: =D10+E10+F10+G10+H10+I10+J10+K10+L10+M10+N10+O10 -> 0
B11: 4.0 | C11: ='PLAN ORÇ'!E26 -> FORNECIMENTO E PLANTIO DE ÁRVORES EM LOGRADOUROS | D11: ='PLAN ORÇ'!N26/12 -> 0 | E11: =D11 -> 0 | F11: =E11 -> 0 | G11: =F11 -> 0 | H11: =G11 -> 0 | I11: =H11 -> 0 | J11: =I11 -> 0 | K11: =J11 -> 0 | L11: =K11 -> 0 | ... O11: =N11 -> 0 | P11: =D11+E11+F11+G11+H11+I11+J11+K11+L11+M11+N11+O11 -> 0
B12: 5.0 | C12: ='PLAN ORÇ'!E35 -> FORNECIMENTO E PLANTIO DE VEGETAÇÃO RASTEIRA EM LOGRADOUROS | D12: ='PLAN ORÇ'!N35/12 -> 0 | E12: =D12 -> 0 | F12: =E12 -> 0 | G12: =F12 -> 0 | H12: =G12 -> 0 | I12: =H12 -> 0 | J12: =I12 -> 0 | K12: =J12 -> 0 | L12: =K12 -> 0 | ... O12: =N12 -> 0 | P12: =D12+E12+F12+G12+H12+I12+J12+K12+L12+M12+N12+O12 -> 0
B13: 6.0 | C13: ='PLAN ORÇ'!E42 -> RELATÓRIO TÉCNICO: FITOPATOLOGIA GERAL | D13: ='PLAN ORÇ'!N42/12 -> 0 | E13: =D13 -> 0 | F13: =E13 -> 0 | G13: =F13 -> 0 | H13: =G13 -> 0 | I13: =H13 -> 0 | J13: =I13 -> 0 | K13: =J13 -> 0 | L13: =K13 -> 0 | ... O13: =N13 -> 0 | P13: =D13+E13+F13+G13+H13+I13+J13+K13+L13+M13+N13+O13 -> 0
B14: TOTAL MENSAL C/ BDI(R$) | D14: =SUM(D8:D13) -> 0 | E14: =SUM(E8:E13) -> 0 | F14: =SUM(F8:F13) -> 0 | G14: =SUM(G8:G13) -> 0 | H14: =SUM(H8:H13) -> 0 | I14: =SUM(I8:I13) -> 0 | J14: =SUM(J8:J13) -> 0 | K14: =SUM(K8:K13) -> 0 | ... P14: =SUM(P8:P13) -> 0
B15: PORCENTAGEM DA EXECUÇÃO | D15: =(D14*100%)/P14 -> #DIV/0! | E15: =(E14*100%)/P14 -> #DIV/0! | F15: =(F14*100%)/P14 -> #DIV/0! | G15: =(G14*100%)/P14 -> #DIV/0! | H15: =(H14*100%)/P14 -> #DIV/0! | I15: =(I14*100%)/P14 -> #DIV/0! | J15: =(J14*100%)/P14 -> #DIV/0! | K15: =(K14*100%)/P14 -> #DIV/0! | L15: =(L14*100%)/P14 -> #DIV/0! | M15: =(M14*100%)/P14 -> #DIV/0! | N15: =(N14*100%)/P14 -> #DIV/0! | O15: =(O14*100%)/P14 -> #DIV/0! | P15: =D15+E15+F15+G15+H15+I15+J15+K15+L15+M15+N15+O15 -> #DIV/0!

Sheet ORÇAMENTO
A1: Planilha Orçamentária
A2: Objeto: | D2: BDI (%) | E2: Encargos Desonerados
E3: Mensalista (%) | G3: Mensalista (%)
A4: Data: | B4: SINAPI - JULHO/2024; SICRO - ABRIL/2024 | D4: 24.45 | E4: 47.74 | G4: 47.74
A5: Item: | B5: Descrição: | C5: Unid. | D5: Quant. Estimada Mês | E5: Quant. Estimada 12 Mês | F5: Preço Unitário R$/Mês | G5: Preço Total R$/Mês | H5: Preço Total 12 meses R$
A6: 1 | B6: PODA DE ÁRVORE OU LIMPEZA DE PALMEIRAS COM ALTURA DE ÁRVORE ATÉ 6 M COM TRITURAÇÃO E REMOÇÃO DO RESÍDUO | C6: UN | D6: 136 | E6: 1632 | F6: 349.72 | G6: 47561.92 | H6: 570743.04
A7: 2 | B7: PODA DE ÁRVORE OU LIMPEZA DE PALMEIRAS COM ALTURA DE ÁRVORE DE 6,01 M ATÉ 10M COM TRITURAÇÃO E REMOÇÃO DO RESÍDUO | C7: UN | D7: 253 | E7: 3036 | F7: 601.21 | G7: 152106.13 | H7: 1825273.6
A8: 3 | B8: PODA DE ÁRVORE OU LIMPEZA DE PALMEIRAS COM ALTURA DE ÁRVORE DE 10,01 M ATÉ 15M COM TRITURAÇÃO E REMOÇÃO DO RESÍDUO | C8: UN | D8: 71 | E8: 852 | F8: 899.19 | G8: 63842.49 | H8: 766109.88
A9: 4 | B9: ERRADICAÇÃO DE ÁRVORE ATÉ 10M COM TRITURAÇÃO E REMOÇÃO DO RESÍDUO | C9: UN | D9: 50 | E9: 600 | F9: 799.78 | G9: 39989 | H9: 479868
A10: 5 | B10: ERRADICAÇÃO DE ÁRVORE ACIMA DE 10,01M COM TRITURAÇÃO E REMOÇÃO DO RESÍDUO | C10: UN | D10: 20 | E10: 240 | F10: 1099.53 | G10: 21990.6 | H10: 263887.2
A11: 6 | B11: DESTOCAMENTO DE ÁRVORES DE PORTE PEQUENO E RAÍZES, DIA ATÉ 0,25 M), COM DESTOCADOR MECANIZADO E REMOÇÃO DOS RESÍDUOS | C11: UN | D11: 7 | E11: 84 | F11: 525.78 | G11: 3680.46 | H11: 44165.52
A12: 7 | B12: DESTOCAMENTO DE ÁRVORES DE PORTE MEDIO E RAÍZES, DIA DE 0,26 M ATÉ 0,50 M. COM DESTOCADOR MECANIZADO E REMOÇÃO DOS RESÍDUOS | C12: UN | D12: 16 | E12: 192 | F12: 650.15 | G12: 10402.4 | H12: 124828.8
A13: 8 | B13: DESTOCAMENTO DE ÁRVORES DE PORTE GRANDE E RAÍZES, DIA DE 0,51 M ATÉ 0,80 M, COM DESTOCADOR MECANIZADO E REMOÇÃO DOS RESÍDUOS | C13: UN | D13: 59 | E13: 708 | F13: 850.39 | G13: 50173.01 | H13: 602076.12
A14: 9 | B14: SUPRESSÃO DE LEUCAENAS ATÉ 10 M COM TRITURAÇÃO E REMOÇÃO DO RESÍDUO | C14: UN | D14: 15 | E14: 180 | F14: 649.88 | G14: 9748.2 | H14: 116978.4
A15: 10 | B15: SUPRESSÃO DE LEUCAENAS ACIMA DE 10,01 M COM TRITURAÇÃO E REMOÇÃO DO RESÍDUO | C15: UN | D15: 30 | E15: 360 | F15: 812.91 | G15: 24387.3 | H15: 292647.6
A16: 11 | B16: PLANTIO DE MUDAS COM ALTURA MAIOR QUE 3,50M, DIAMETRO DA ALTURA DO PEITO IGUAL OU MAIOR QUE 5 CM EM CALÇADA - SEM FORNECIMENTO | C16: UN | D16: 450 | E16: 5400 | F16: 158.75 | G16: 71437.5 | H16: 857250
A17: 12 | B17: SERVIÇO DE DESTINAÇÃO FINAL DO MATERIAL TRITURADO (COMPOSTAGEM) | C17: TON | D17: 50 | E17: 600 | F17: 67.36 | G17: 3368 | H17: 40416
A18: 13 | B18: SERVIÇOS DE ENGENHARIA AGRONÔMICA PARA REALIZAÇÃO DE TÔMOGRAFIA SÔNICA EM ÁRVORES, COM EMISSÃO DE RELATÓRIOS TÉCNICOS | C18: UN | D18: 115 | E18: 1380 | F18: 549.97 | G18: 63246.55 | H18: 758958.6
A19: TOTAL COM BDI (24,45%): | H19: 6743202.7

Sheet COMPOSIÇÃO DE PREÇO
A1: ITEM | C1: 1
A2: COMPOSIÇÃO | B2: DESCRIÇÃO DO SERVIÇO | J2: UNIDADE
B3: PODA DE ÁRVORE OU LIMPEZA DE PALMEIRAS COM ALTURA DE ÁRVORE ATÉ 6 M COM TRITURAÇÃO E REMOÇÃO DO RESÍDUO | J3: UN | L3: REF | M3: DESC | N3: UM | O3: MAT | P3: MO | Q3: CT
A4: COMPOSIÇÃO DE PREÇO
A5: CÓDIGO | B5: DESCRIÇÃO DA COMPOSIÇÃO | C5: UND | D5: QUANT. | E5: PREÇO MO | F5: DEMAIS PREÇOS | G5: PREÇO UNIT. TOTAL | H5: CUSTO MO | I5: DEMAIS CUSTOS | J5: CUSTO TOTAL | L5: CPU-1 | M5: PODA DE ÁRVORE OU LIMPEZA DE PALMEIRAS COM ALTURA DE ÁRVORE ATÉ 6 M COM TRITURAÇÃO E REMOÇÃO DO RESÍDUO | N5: UN | O5: 197.52 | P5: 83.49 | Q5: 281.01
A6: 92138 - SINAPI | B6: CAMINHONETE COM MOTOR A DIESEL, POTÊNCIA 180 CV, CABINE DUPLA, 4X4 - CHP DIURNO. AF_11/2015 | C6: CHP | D6: 0.0083333333 | E6: 26.89 | F6: 70.71 | G6: 97.6 | H6: 0.22 | I6: 0.59 | J6: 0.81
A7: E9041 - SICRO | B7: CAMINHÃO CARROCERIA COM GUINDAUTO COM CAPACIDADE DE 45 T.M - 188 KW | C7: CHP | D7: 0.27233333 | E7: 56.103 | F7: 330.77 | G7: 386.8686 | H7: 15.28 | I7: 90.08 | J7: 105.36
A8: E9041 - SICRO | B8: CAMINHÃO CARROCERIA COM GUINDAUTO COM CAPACIDADE DE 20 T.M - 136 KW | C8: CHI | D8: 0.014333333 | E8: 0 | F8: 133.49 | G8: 133.4927 | H8: 0 | I8: 1.91 | J8: 1.91
A9: 67826 - SINAPI | B9: CAMINHÃO BASCULANTE 6 M3 TOCO, PESO BRUTO TOTAL 16.000 KG, CARGA ÚTIL MÁXIMA 11.130 KG, DISTÂNCIA ENTRE EIXOS 5,36 M, POTÊNCIA 185 CV, INCLUSIVE CAÇAMBA METÁLICA - CHP DIURNO. AF_06/2014 | C9: CHP | D9: 0.28666667 | E9: 31.75 | F9: 157.48 | G9: 189.23 | H9: 9.1 | I9: 45.14 | J9: 54.24
A10: E9699 - SICRO | B10: TRITURADORA DE GALHOS E TRONCOS REBOCÁVEL COM CAPACIDADE DE ATÉ 350 MM DE DIÂMETRO COM GUINCHO - 96,94 KW | C10: CHP | D10: 0.27233333 | E10: 24.3771 | F10: 181.04 | G10: 205.4207 | H10: 6.64 | I10: 49.3 | J10: 55.94
A11: E9699 - SICRO | B11: TRITURADORA DE GALHOS E TRONCOS REBOCÁVEL COM CAPACIDADE DE ATÉ 350 MM DE DIÂMETRO COM GUINCHO - 96,94 KW | C11: CHI | D11: 0.014333333 | E11: 0 | F11: 81.56 | G11: 81.5634 | H11: 0 | I11: 1.17 | J11: 1.17
A12: E9585 - SICRO | B12: MOTOSSERRA COM MOTOR A GASOLINA - 2,30 KW | C12: CHP | D12: 0.27233333 | E12: 24.3771 | F12: 6.67 | G12: 31.0481 | H12: 6.64 | I12: 1.82 | J12: 8.46
A13: E9585 - SICRO | B13: MOTOSSERRA COM MOTOR A GASOLINA - 2,30 KW | C13: CHI | D13: 0.014333333 | E13: 0 | F13: 25.84 | G13: 25.8368 | H13: 0 | I13: 0.37 | J13: 0.37
A14: 88241 - SINAPI | B14: AJUDANTE DE OPERAÇÃO EM GERAL COM ENCARGOS COMPLEMENTARES | C14: H | D14: 0.57333333 | E14: 17.44 | F14: 8.68 | G14: 26.12 | H14: 10 | I14: 4.98 | J14: 14.98
A15: 93572 - SINAPI | B15: ENCARREGADO GERAL COM ENCARGOS COMPLEMENTARES | C15: MÊS | D15: 0.0022727273 | E15: 6802.83 | F15: 638.49 | G15: 7441.32 | H15: 15.46 | I15: 1.45 | J15: 16.91
A16: 93565 - SINAPI | B16: ENGENHEIRO JUNIOR COM ENCARGOS COMPLEMENTARES | C16: MÊS | D16: 0.0011363636 | E16: 17730.27 | F16: 627.26 | G16: 18357.53 | H16: 20.15 | I16: 0.71 | J16: 20.86
A17: CUSTO TOTAL SEM BDI | H17: =SUM(H6:H16) -> 83.49 | I17: =SUM(I6:I16) -> 197.52
B18: CUSTO PERCENTUAL TOTAL | H18: 0.29710686 | I18: 0.70289314
A19: CUSTO TOTAL | J19: =SUM(J6:J18) -> 281.01
A20: BDI | J20: 0.2445
A21: PREÇO TOTAL | J21: =J19*(1+J20) -> 349.71694
A23: ITEM | C23: 2
A24: COMPOSIÇÃO | B24: DESCRIÇÃO DO SERVIÇO | J24: UNIDADE
B25: PODA DE ÁRVORE OU LIMPEZA DE PALMEIRAS COM ALTURA DE ÁRVORE DE 6,01 M ATÉ 10M COM TRITURAÇÃO E REMOÇÃO DO RESÍDUO | J25: UN | L25: CPU-2 | M25: PODA DE ÁRVORE OU LIMPEZA DE PALMEIRAS COM ALTURA DE ÁRVORE DE 6,01 M ATÉ 10M COM TRITURAÇÃO E REMOÇÃO DO RESÍDUO | N25: UN | O25: 360.98 | P25: 122.1 | Q25: 483.09
A26: COMPOSIÇÃO DE PREÇO
A27: CÓDIGO | B27: DESCRIÇÃO DA COMPOSIÇÃO | C27: UND | D27: QUANT. | E27: PREÇO MO | F27: DEMAIS PREÇOS | G27: PREÇO UNIT. TOTAL | H27: CUSTO MO | I27: DEMAIS CUSTOS | J27: CUSTO TOTAL
A28: 92138 - SINAPI | B28: CAMINHONETE COM MOTOR A DIESEL, POTÊNCIA 180 CV, CABINE DUPLA, 4X4 - CHP DIURNO. AF_11/2015 | C28: CHP | D28: 0.011666667 | E28: 26.89 | F28: 70.71 | G28: 97.6 | H28: 0.31 | I28: 0.82 | J28: 1.13
A29: E9041 - SICRO | B29: CAMINHÃO CARROCERIA COM GUINDAUTO COM CAPACIDADE DE 45 T.M - 188 KW | C29: CHP | D29: 0.41483333 | E29: 56.103 | F29: 330.77 | G29: 386.8686 | H29: 23.27 | I29: 137.21 | J29: 160.48
A30: E9041 - SICRO | B30: CAMINHÃO CARROCERIA COM GUINDAUTO COM CAPACIDADE DE 20 T.M - 136 KW | C30: CHI | D30: 0.021833333 | E30: 0 | F30: 133.49 | G30: 133.4927 | H30: 0 | I30: 2.91 | J30: 2.91
A31: 67826 - SINAPI | B31: CAMINHÃO BASCULANTE 6 M3 TOCO, PESO BRUTO TOTAL 16.000 KG, CARGA ÚTIL MÁXIMA 11.130 KG, DISTÂNCIA ENTRE EIXOS 5,36 M, POTÊNCIA 185 CV, INCLUSIVE CAÇAMBA METÁLICA - CHP DIURNO. AF_06/2014 | C31: CHP | D31: 0.43666667 | E31: 31.75 | F31: 157.48 | G31: 189.23 | H31: 13.86 | I31: 68.77 | J31: 82.63
A32: E9699 - SICRO | B32: TRITURADORA DE GALHOS E TRONCOS REBOCÁVEL COM CAPACIDADE DE ATÉ 350 MM DE DIÂMETRO COM GUINCHO - 96,94 KW | C32: CHP | D32: 0.41483333 | E32: 24.3771 | F32: 181.04 | G32: 205.4207 | H32: 10.11 | I32: 75.1 | J32: 85.21
A33: E9699 - SICRO | B33: TRITURADORA DE GALHOS E TRONCOS REBOCÁVEL COM CAPACIDADE DE ATÉ 350 MM DE DIÂMETRO COM GUINCHO - 96,94 KW | C33: CHI | D33: 0.021833333 | E33: 0 | F33: 81.56 | G33: 81.5634 | H33: 0 | I33: 1.78 | J33: 1.78
A34: E9585 - SICRO | B34: MOTOSSERRA COM MOTOR A GASOLINA - 2,30 KW | C34: CHP | D34: 0.41483333 | E34: 24.3771 | F34: 6.67 | G34: 31.0481 | H34: 10.11 | I34: 2.77 | J34: 12.88
A35: E9585 - SICRO | B35: MOTOSSERRA COM MOTOR A GASOLINA - 2,30 KW | C35: CHI | D35: 0.021833333 | E35: 0 | F35: 25.84 | G35: 25.8368 | H35: 0 | I35: 0.56 | J35: 0.56
A36: COMPOSIÇÃO * | B36: CAMINHÃO COM GARRA FLORESTAL, ALCANCE MÁXIMO VERTICAL 9 M, INCLUSIVE CAMINHAO TOCO PBT 23.000 KG, POTÊNCIA DE 175 CV - CHP DIURNO | C36: CHP | D36: 0.26666667 | E36: 0 | F36: 220.91 | G36: 220.90872 | H36: 0 | I36: 58.91 | J36: 58.91
A37: 88281 - SINAPI | B37: MOTORISTA DE BASCULANTE COM ENCARGOS COMPLEMENTARES | C37: H | D37: 0.26666667 | E37: 24.35 | F37: 7.4 | G37: 31.75 | H37: 6.49 | I37: 1.97 | J37: 8.46
A38: 88241 - SINAPI | B38: AJUDANTE DE OPERAÇÃO EM GERAL COM ENCARGOS COMPLEMENTARES | C38: H | D38: 0.87333333 | E38: 17.44 | F38: 8.68 | G38: 26.12 | H38: 15.23 | I38: 7.58 | J38: 22.81
A39: 93572 - SINAPI | B39: ENCARREGADO GERAL COM ENCARGOS COMPLEMENTARES | C39: MÊS | D39: 0.0027272727 | E39: 6802.83 | F39: 638.49 | G39: 7441.32 | H39: 18.55 | I39: 1.74 | J39: 20.29
A40: 93565 - SINAPI | B40: ENGENHEIRO JUNIOR COM ENCARGOS COMPLEMENTARES | C40: MÊS | D40: 0.0013636364 | E40: 17730.27 | F40: 627.26 | G40: 18357.53 | H40: 24.18 | I40: 0.86 | J40: 25.04
A41: CUSTO TOTAL SEM BDI | H41: 122.11 | I41: 360.98
B42: CUSTO PERCENTUAL TOTAL | H42: 0.25276864 | I42: 0.74723136
A43: CUSTO TOTAL | J43: 483.09
A44: BDI | J44: 0.2445
A45: PREÇO TOTAL | J45: 601.21
A47: ITEM | C47: 3
A48: COMPOSIÇÃO | B48: DESCRIÇÃO DO SERVIÇO | J48: UNIDADE
B49: PODA DE ÁRVORE OU LIMPEZA DE PALMEIRAS COM ALTURA DE ÁRVORE DE 10,01 M ATÉ 15M COM TRITURAÇÃO E REMOÇÃO DO RESÍDUO | J49: UN
A50: COMPOSIÇÃO DE PREÇO
A51: CÓDIGO | B51: DESCRIÇÃO DA COMPOSIÇÃO | C51: UND | D51: QUANT. | E51: PREÇO MO | F51: DEMAIS PREÇOS | G51: PREÇO UNIT. TOTAL | H51: CUSTO MO | I51: DEMAIS CUSTOS | J51: CUSTO TOTAL
A52: 92138 - SINAPI | B52: CAMINHONETE COM MOTOR A DIESEL, POTÊNCIA 180 CV, CABINE DUPLA, 4X4 - CHP DIURNO. AF_11/2015 | C52: CHP | D52: 0.013333333 | E52: 26.89 | F52: 70.71 | G52: 97.6 | H52: 0.36 | I52: 0.94 | J52: 1.3
A53: E9041 - SICRO | B53: CAMINHÃO CARROCERIA COM GUINDAUTO COM CAPACIDADE DE 45 T.M - 188 KW | C53: CHP | D53: 0.63491667 | E53: 56.103 | F53: 330.77 | G53: 386.8686 | H53: 35.62 | I53: 210.01 | J53: 245.63
A54: E9041 - SICRO | B54: CAMINHÃO CARROCERIA COM GUINDAUTO COM CAPACIDADE DE 20 T.M - 136 KW | C54: CHI | D54: 0.033416667 | E54: 0 | F54: 133.49 | G54: 133.4927 | H54: 0 | I54: 4.46 | J54: 4.46
A55: 67826 - SINAPI | B55: CAMINHÃO BASCULANTE 6 M3 TOCO, PESO BRUTO TOTAL 16.000 KG, CARGA ÚTIL MÁXIMA 11.130 KG, DISTÂNCIA ENTRE EIXOS 5,36 M, POTÊNCIA 185 CV, INCLUSIVE CAÇAMBA METÁLICA - CHP DIURNO. AF_06/2014 | C55: CHP | D55: 0.66833333 | E55: 31.75 | F55: 157.48 | G55: 189.23 | H55: 21.22 | I55: 105.25 | J55: 126.47
A56: E9699 - SICRO | B56: TRITURADORA DE GALHOS E TRONCOS REBOCÁVEL COM CAPACIDADE DE ATÉ 350 MM DE DIÂMETRO COM GUINCHO - 96,94 KW | C56: CHP | D56: 0.63491667 | E56: 24.3771 | F56: 181.04 | G56: 205.4207 | H56: 15.48 | I56: 114.95 | J56: 130.43
A57: E9699 - SICRO | B57: TRITURADORA DE GALHOS E TRONCOS REBOCÁVEL COM CAPACIDADE DE ATÉ 350 MM DE DIÂMETRO COM GUINCHO - 96,94 KW | C57: CHI | D57: 0.033416667 | E57: 0 | F57: 81.56 | G57: 81.5634 | H57: 0 | I57: 2.73 | J57: 2.73
A58: E9585 - SICRO | B58: MOTOSSERRA COM MOTOR A GASOLINA - 2,30 KW | C58: CHP | D58: 0.63491667 | E58: 24.3771 | F58: 6.67 | G58: 31.0481 | H58: 15.48 | I58: 4.23 | J58: 19.71
A59: E9585 - SICRO | B59: MOTOSSERRA COM MOTOR A GASOLINA - 2,30 KW | C59: CHI | D59: 0.033416667 | E59: 0 | F59: 25.84 | G59: 25.8368 | H59: 0 | I59: 0.86 | J59: 0.86
A60: COMPOSIÇÃO * | B60: CAMINHÃO COM GARRA FLORESTAL, ALCANCE MÁXIMO VERTICAL 9 M, INCLUSIVE CAMINHAO TOCO PBT 23.000 KG, POTÊNCIA DE 175 CV - CHP DIURNO | C60: CHP | D60: 0.37833333 | E60: 0 | F60: 220.91 | G60: 220.90872 | H60: 0 | I60: 83.58 | J60: 83.58
A61: 88281 - SINAPI | B61: MOTORISTA DE BASCULANTE COM ENCARGOS COMPLEMENTARES | C61: H | D61: 0.37833333 | E61: 24.35 | F61: 7.4 | G61: 31.75 | H61: 9.21 | I61: 2.8 | J61: 12.01
A62: 88241 - SINAPI | B62: AJUDANTE DE OPERAÇÃO EM GERAL COM ENCARGOS COMPLEMENTARES | C62: H | D62: 1.3366667 | E62: 17.44 | F62: 8.68 | G62: 26.12 | H62: 23.31 | I62: 11.6 | J62: 34.91
A63: 93572 - SINAPI | B63: ENCARREGADO GERAL COM ENCARGOS COMPLEMENTARES | C63: MÊS | D63: 0.0036363636 | E63: 6802.83 | F63: 638.49 | G63: 7441.32 | H63: 24.74 | I63: 2.32 | J63: 27.06
A64: 93565 - SINAPI | B64: ENGENHEIRO JUNIOR COM ENCARGOS COMPLEMENTARES | C64: MÊS | D64: 0.0018181818 | E64: 17730.27 | F64: 627.26 | G64: 18357.53 | H64: 32.24 | I64: 1.14 | J64: 33.38
A65: CUSTO TOTAL SEM BDI | H65: 177.66 | I65: 544.87
B66: CUSTO PERCENTUAL TOTAL | H66: 0.24588598 | I66: 0.75411402
A67: CUSTO TOTAL | J67: 722.53
A68: BDI | J68: 0.2445
A69: PREÇO TOTAL | J69: 899.19
A71: ITEM | C71: 4
A72: COMPOSIÇÃO | B72: DESCRIÇÃO DO SERVIÇO | J72: UNIDADE
B73: ERRADICAÇÃO DE ÁRVORE ATÉ 10M COM TRITURAÇÃO E REMOÇÃO DO RESÍDUO | J73: UN
A74: COMPOSIÇÃO DE PREÇO
A75: CÓDIGO | B75: DESCRIÇÃO DA COMPOSIÇÃO | C75: UND | D75: QUANT. | E75: PREÇO MO | F75: DEMAIS PREÇOS | G75: PREÇO UNIT. TOTAL | H75: CUSTO MO | I75: DEMAIS CUSTOS | J75: CUSTO TOTAL
A76: 92138 - SINAPI | B76: CAMINHONETE COM MOTOR A DIESEL, POTÊNCIA 180 CV, CABINE DUPLA, 4X4 - CHP DIURNO. AF_11/2015 | C76: CHP | D76: 0.0083333333 | E76: 26.89 | F76: 70.71 | G76: 97.6 | H76: 0.22 | I76: 0.59 | J76: 0.81
A77: E9041 - SICRO | B77: CAMINHÃO CARROCERIA COM GUINDAUTO COM CAPACIDADE DE 45 T.M - 188 KW | C77: CHP | D77: 0.60166667 | E77: 56.103 | F77: 330.77 | G77: 386.8686 | H77: 33.76 | I77: 199.01 | J77: 232.77
A78: E9041 - SICRO | B78: CAMINHÃO CARROCERIA COM GUINDAUTO COM CAPACIDADE DE 20 T.M - 136 KW | C78: CHI | D78: 0.031666667 | E78: 0 | F78: 133.49 | G78: 133.4927 | H78: 0 | I78: 4.23 | J78: 4.23
A79: 67826 - SINAPI | B79: CAMINHÃO BASCULANTE 6 M3 TOCO, PESO BRUTO TOTAL 16.000 KG, CARGA ÚTIL MÁXIMA 11.130 KG, DISTÂNCIA ENTRE EIXOS 5,36 M, POTÊNCIA 185 CV, INCLUSIVE CAÇAMBA METÁLICA - CHP DIURNO. AF_06/2014 | C79: CHP | D79: 0.63333333 | E79: 31.75 | F79: 157.48 | G79: 189.23 | H79: 20.11 | I79: 99.74 | J79: 119.85
A80: E9699 - SICRO | B80: TRITURADORA DE GALHOS E TRONCOS REBOCÁVEL COM CAPACIDADE DE ATÉ 350 MM DE DIÂMETRO COM GUINCHO - 96,94 KW | C80: CHP | D80: 0.60166667 | E80: 24.3771 | F80: 181.04 | G80: 205.4207 | H80: 14.67 | I80: 108.93 | J80: 123.6
A81: E9699 - SICRO | B81: TRITURADORA DE GALHOS E TRONCOS REBOCÁVEL COM CAPACIDADE DE ATÉ 350 MM DE DIÂMETRO COM GUINCHO - 96,94 KW | C81: CHI | D81: 0.031666667 | E81: 0 | F81: 81.56 | G81: 81.5634 | H81: 0 | I81: 2.58 | J81: 2.58
A82: E9585 - SICRO | B82: MOTOSSERRA COM MOTOR A GASOLINA - 2,30 KW | C82: CHP | D82: 0.60166667 | E82: 24.3771 | F82: 6.67 | G82: 31.0481 | H82: 14.67 | I82: 4.01 | J82: 18.68
A83: E9585 - SICRO | B83: MOTOSSERRA COM MOTOR A GASOLINA - 2,30 KW | C83: CHI | D83: 0.031666667 | E83: 0 | F83: 25.84 | G83: 25.8368 | H83: 0 | I83: 0.82 | J83: 0.82
A84: COMPOSIÇÃO * | B84: CAMINHÃO COM GARRA FLORESTAL, ALCANCE MÁXIMO VERTICAL 9 M, INCLUSIVE CAMINHAO TOCO PBT 23.000 KG, POTÊNCIA DE 175 CV - CHP DIURNO | C84: CHP | D84: 0.13833333 | E84: 0 | F84: 220.91 | G84: 220.90872 | H84: 0 | I84: 30.56 | J84: 30.56
A85: 88281 - SINAPI | B85: MOTORISTA DE BASCULANTE COM ENCARGOS COMPLEMENTARES | C85: H | D85: 0.13833333 | E85: 24.35 | F85: 7.4 | G85: 31.75 | H85: 3.37 | I85: 1.02 | J85: 4.39
A86: 88241 - SINAPI | B86: AJUDANTE DE OPERAÇÃO EM GERAL COM ENCARGOS COMPLEMENTARES | C86: H | D86: 2.5333333 | E86: 17.44 | F86: 8.68 | G86: 26.12 | H86: 44.18 | I86: 21.99 | J86: 66.17
A87: 93572 - SINAPI | B87: ENCARREGADO GERAL COM ENCARGOS COMPLEMENTARES | C87: MÊS | D87: 0.0022727273 | E87: 6802.83 | F87: 638.49 | G87: 7441.32 | H87: 15.46 | I87: 1.45 | J87: 16.91
A88: 93565 - SINAPI | B88: ENGENHEIRO JUNIOR COM ENCARGOS COMPLEMENTARES | C88: MÊS | D88: 0.0011590909 | E88: 17730.27 | F88: 627.26 | G88: 18357.53 | H88: 20.55 | I88: 0.73 | J88: 21.28
A89: CUSTO TOTAL SEM BDI | H89: 166.99 | I89: 475.66
B90: CUSTO PERCENTUAL TOTAL | H90: 0.25984595 | I90: 0.74015405
A91: TOTAL ADOTADO: | J91: 642.65
A92: BDI | J92: 0.2445
A93: PREÇO TOTAL | J93: 799.78
A96: ITEM | C96: 5
A97: COMPOSIÇÃO | B97: DESCRIÇÃO DO SERVIÇO | J97: UNIDADE
B98: ERRADICAÇÃO DE ÁRVORE ACIMA DE 10,01M COM TRITURAÇÃO E REMOÇÃO DO RESÍDUO | J98: UN
A99: COMPOSIÇÃO DE PREÇO
A100: CÓDIGO | B100: DESCRIÇÃO DA COMPOSIÇÃO | C100: UND | D100: QUANT. | E100: PREÇO MO | F100: DEMAIS PREÇOS | G100: PREÇO UNIT. TOTAL | H100: CUSTO MO | I100: DEMAIS CUSTOS | J100: CUSTO TOTAL
A101: 92138 - SINAPI | B101: CAMINHONETE COM MOTOR A DIESEL, POTÊNCIA 180 CV, CABINE DUPLA, 4X4 - CHP DIURNO. AF_11/2015 | C101: CHP | D101: 0.011666667 | E101: 26.89 | F101: 70.71 | G101: 97.6 | H101: 0.31 | I101: 0.82 | J101: 1.13
A102: E9041 - SICRO | B102: CAMINHÃO CARROCERIA COM GUINDAUTO COM CAPACIDADE DE 45 T.M - 188 KW | C102: CHP | D102: 0.83125 | E102: 56.103 | F102: 330.77 | G102: 386.8686 | H102: 46.64 | I102: 274.95 | J102: 321.59
A103: E9041 - SICRO | B103: CAMINHÃO CARROCERIA COM GUINDAUTO COM CAPACIDADE DE 20 T.M - 136 KW | C103: CHI | D103: 0.04375 | E103: 0 | F103: 133.49 | G103: 133.4927 | H103: 0 | I103: 5.84 | J103: 5.84
A104: 67826 - SINAPI | B104: CAMINHÃO BASCULANTE 6 M3 TOCO, PESO BRUTO TOTAL 16.000 KG, CARGA ÚTIL MÁXIMA 11.130 KG, DISTÂNCIA ENTRE EIXOS 5,36 M, POTÊNCIA 185 CV, INCLUSIVE CAÇAMBA METÁLICA - CHP DIURNO. AF_06/2014 | C104: CHP | D104: 0.875 | E104: 31.75 | F104: 157.48 | G104: 189.23 | H104: 27.78 | I104: 137.8 | J104: 165.58
A105: E9699 - SICRO | B105: TRITURADORA DE GALHOS E TRONCOS REBOCÁVEL COM CAPACIDADE DE ATÉ 350 MM DE DIÂMETRO COM GUINCHO - 96,94 KW | C105: CHP | D105: 0.83125 | E105: 24.3771 | F105: 181.04 | G105: 205.4207 | H105: 20.26 | I105: 150.49 | J105: 170.75
...

Sheet BDI
A1: COMPOSIÇÃO DE BDI
E2: Intervalo Admissível
A3: Itens | B3: Siglas | C3: Preencher com os valores propostos | D3: Situação intervalo admissível | E3: Mínimo | F3: Médio | G3: Máximo
A4: Taxa de rateio da Administração Central | B4: AC | C4: 3 | D4: OK | E4: 3 | F4: 4 | G4: 5.5
A5: Taxa de Seguro e Garantia (S+G) | B5: S e G | C5: 0.8 | D5: OK | E5: 0.8 | F5: 0.8 | G5: 1
A6: Taxa de Risco | B6: R | C6: 1 | D6: OK | E6: 0.97 | F6: 1.27 | G6: 1.27
A7: Despesas Financeiras | B7: DF | C7: 1 | D7: OK | E7: 0.59 | F7: 1.23 | G7: 1.39
A8: Taxa de Lucro | B8: L | C8: 7.4 | D8: OK | E8: 6.16 | F8: 7.4 | G8: 8.96
A9: Taxa de Tributos (Soma dos itens COFINS, ISS, PIS e contribuição previdenciária, se for o caso) | B9: I | C9: 8.65 | D9: - | E9: Conforme legislação específica
A10: Fórmula BDI conforme Acórdão 2622/2013 - TCU: | B10: BDI resultante | C10: 0.24445268 | D10: BDI admissível sem necessidade de justificativa:
D11: OK | E11: 20.34 | F11: 22.12 | G11: 25

Sheet ENCARGOS SOCIAIS
A1: ENCARGOS SOCIAIS SOBRE A MÃO DE OBRA
A2: CÕDIGO | B2: DESCRIÇÃO | C2: COM DESONERAÇÃO (DESONERADA)
C3: HORISTA | D3: MENSALISTA
A4: GRUPO A
A5: A1 | B5: INSS | C5: 0 | D5: 0
A6: A2 | B6: SESI | C6: 0.015 | D6: 0.015
A7: A3 | B7: SENAI | C7: 0.01 | D7: 0.01
A8: A4 | B8: INCRA | C8: 0.002 | D8: 0.002
A9: A5 | B9: SEBRAE | C9: 0.006 | D9: 0.006
A10: A6 | B10: Salário Educação | C10: 0.025 | D10: 0.025
A11: A7 | B11: Seguro Contra Acidentes de Trabal ho | C11: 0.03 | D11: 0.03
A12: A8 | B12: FGTS | C12: 0.08 | D12: 0.08
A13: A9 | B13: SECONCI | C13: 0.01 | D13: 0.01
A14: A | B14: Total | C14: 0.178 | D14: 0.178
A15: GRUPO B
A16: B1 | B16: Repouso Semanal Remunerado | C16: 0.1797 | D16: Não incide
A17: B2 | B17: Feriados | C17: 0.0469 | D17: Não incide
A18: B3 | B18: Auxílio - Enfermidade | C18: 0.0085 | D18: 0.0064
A19: B4 | B19: 13º Salário | C19: 0.1106 | D19: 0.0833
A20: B5 | B20: Licença Paternidade | C20: 0.0006 | D20: 0.0004
A21: B6 | B21: Faltas Justificadas | C21: 0.0074 | D21: 0.0056
A22: B7 | B22: Dias de Chuvas | C22: 0.0135 | D22: Não incide
A23: B8 | B23: Auxílio Acidente de Trabalho | C23: 0.001 | D23: 0.0008
A24: B9 | B24: Férias Gozadas | C24: 0.1174 | D24: 0.0885
A25: B10 | B25: Salário Maternidade | C25: 0.0004 | D25: 0.0003
A26: B | B26: Total | C26: 0.486 | D26: 0.1853
A27: GRUPO C
A28: C1 | B28: Aviso Prévio Indenizado | C28: 0.0483 | D28: 0.0364
A29: C2 | B29: Aviso Prévio Trabalhado | C29: 0.0011 | D29: 0.0009
A30: C3 | B30: Férias lndenizadas | C30: 0.0234 | D30: 0.0176
A31: C4 | B31: Depósito Rescisão Sem Justa Causa | C31: 0.0265 | D31: 0.02
A32: C5 | B32: Indenização Adicional | C32: 0.0041 | D32: 0.0031
A33: c | B33: Total | C33: 0.1034 | D33: 0.078
A34: GRUPO D
A35: D1 | B35: Reincidência de Grupo A sobre Grupo B | C35: 0.0865 | D35: 0.033
A36: D2 | B36: Reincidência de Grupo A sobre Aviso Prévio Trabalhado e Reincidência do FGTS sobre Aviso Prévio Indenizado | C36: 0.0041 | D36: 0.0031
B37: Total | C37: 0.0906 | D37: 0.0361
A38: TOTAL(A+B+C+D) | C38: 0.858 | D38: 0.4774

Sheet Serviço
B1: COMPANHIA DE DESENVOLVIMENTO HABITACIONAL E URBANO
A2: DO ESTADO DE SÃO PAULO
A3: BOLETIM REFERENCIAL DE CUSTOS - TABELA DE SERVIÇOS
A4: SEM DESONERAÇÃO
F5: Versão 195
E6: Data Base: | F6: AGO/24
C7: BDI : | D7: 0 | E7: L.S.: | F7: 1.2823
A8: Referência | B8: Descrição | C8: Un | D8: Material | E8: Mão de Obra | F8: Custo Total
A9: 01 | B9: SERVICO TECNICO ESPECIALIZADO | G9: 2
A10: 01.02 | B10: Parecer técnico | G10: 5
A11: 01.02.071 | B11: Parecer técnico de fundações, contenções e recomendações gerais, para empreendimentos com área construída até 1.000 m² | C11: UN | E11: 6797.2 | F11: 6797.2 | G11: 9
A12: 01.02.081 | B12: Parecer técnico de fundações, contenções e recomendações gerais, para empreendimentos com área construída de 1.001 a 2.000 m² | C12: UN | E12: 9038.95 | F12: 9038.95 | G12: 9
A13: 01.02.091 | B13: Parecer técnico de fundações, contenções e recomendações gerais, para empreendimentos com área construída de 2.001 a 5.000 m² | C13: UN | E13: 15440.54 | F13: 15440.54 | G13: 9
A14: 01.02.101 | B14: Parecer técnico de fundações, contenções e recomendações gerais, para empreendimentos com área construída de 5.001 a 10.000 m² | C14: UN | E14: 21170.81 | F14: 21170.81 | G14: 9
A15: 01.02.111 | B15: Parecer técnico de fundações, contenções e recomendações gerais, para empreendimentos com área construída acima de 10.000 m² | C15: UN | E15: 24671.3 | F15: 24671.3 | G15: 9
A16: 01.06 | B16: Projeto de instalações elétricas | G16: 5
A17: 01.06.021 | B17: Elaboração de projeto de adequação de entrada de energia elétrica junto a concessionária, com medição em baixa tensão e demanda até 75 kVA | C17: UN | E17: 8682.2 | F17: 8682.2 | G17: 9
A18: 01.06.031 | B18: Elaboração de projeto de adequação de entrada de energia elétrica junto a concessionária, com medição em média tensão, subestação simplificada e demanda de 75 kVA a 300 kVA | C18: UN | E18: 14706.14 | F18: 14706.14 | G18: 9
A19: 01.06.032 | B19: Elaboração de projeto de adequação de entrada de energia elétrica junto a concessionária, com medição em média tensão e demanda de 75 kVA a 300 kVA | C19: UN | E19: 19900 | F19: 19900 | G19: 9
A20: 01.06.041 | B20: Elaboração de projeto de adequação de entrada de energia elétrica junto a concessionária, com medição em média tensão e demanda acima de 300 kVA a 2 MVA | C20: UN | E20: 26469.2 | F20: 26469.2 | G20: 9
A21: 01.17 | B21: Projeto executivo | G21: 5
A22: 01.17.031 | B22: Projeto executivo de arquitetura em formato A1 | C22: UN | E22: 3419.6 | F22: 3419.6 | G22: 9
A23: 01.17.041 | B23: Projeto executivo de arquitetura em formato A0 | C23: UN | E23: 4622.97 | F23: 4622.97 | G23: 9
A24: 01.17.051 | B24: Projeto executivo de estrutura em formato A1 | C24: UN | E24: 2507.91 | F24: 2507.91 | G24: 9
A25: 01.17.061 | B25: Projeto executivo de estrutura em formato A0 | C25: UN | E25: 3431.33 | F25: 3431.33 | G25: 9
A26: 01.17.071 | B26: Projeto executivo de instalações hidráulicas em formato A1 | C26: UN | E26: 1076.66 | F26: 1076.66 | G26: 9
A27: 01.17.081 | B27: Projeto executivo de instalações hidráulicas em formato A0 | C27: UN | E27: 1433.17 | F27: 1433.17 | G27: 9
A28: 01.17.111 | B28: Projeto executivo de instalações elétricas em formato A1 | C28: UN | E28: 1195.58 | F28: 1195.58 | G28: 9
A29: 01.17.121 | B29: Projeto executivo de instalações elétricas em formato A0 | C29: UN | E29: 1657.76 | F29: 1657.76 | G29: 9
A30: 01.17.151 | B30: Projeto executivo de climatização em formato A1 | C30: UN | E30: 2301.27 | F30: 2301.27 | G30: 9
A31: 01.17.161 | B31: Projeto executivo de climatização em formato A0 | C31: UN | E31: 3136.88 | F31: 3136.88 | G31: 9
A32: 01.17.171 | B32: Projeto executivo de chuveiros automáticos em formato A1 | C32: UN | E32: 1986.79 | F32: 1986.79 | G32: 9
A33: 01.17.181 | B33: Projeto executivo de chuveiros automáticos em formato A0 | C33: UN | E33: 2568.01 | F33: 2568.01 | G33: 9
A34: 01.20 | B34: Levantamento topográfico e geofísico | G34: 5
A35: 01.20.010 | B35: Taxa de mobilização e desmobilização de equipamentos para execução de levantamento topográfico | C35: TX | D35: 1192.8 | F35: 1192.8 | G35: 9
A36: 01.20.280 | B36: Levantamento planimétrico de área pavimentada para veículo e pedestre | C36: M2 | D36: 0.05 | E36: 0.16 | F36: 0.21 | G36: 9
A37: 01.20.691 | B37: Levantamento planimétrico cadastral com áreas ocupadas predominantemente por comunidades - área até 20.000 m² (mínimo de 3.500 m²) | C37: M2 | D37: 0.42 | E37: 0.56 | F37: 0.98 | G37: 9
A38: 01.20.701 | B38: Levantamento planimétrico cadastral com áreas ocupadas predominantemente por comunidades - área acima de 20.000 m² até 200.000 m² | C38: M2 | D38: 0.33 | E38: 0.42 | F38: 0.75 | G38: 9
A39: 01.20.711 | B39: Levantamento planimétrico cadastral com áreas ocupadas predominantemente por comunidades - área acima de 200.000 m² | C39: M2 | D39: 0.27 | E39: 0.35 | F39: 0.62 | G39: 9
A40: 01.20.721 | B40: Levantamento planimétrico cadastral com áreas até 50% de ocupação - área até 20.000 m² (mínimo de 3.500 m²) | C40: M2 | D40: 0.36 | E40: 0.48 | F40: 0.84 | G40: 9
A41: 01.20.731 | B41: Levantamento planimétrico cadastral com áreas até 50% de ocupação - área acima de 20.000 m² até 200.000 m² | C41: M2 | D41: 0.17 | E41: 0.54 | F41: 0.71 | G41: 9
A42: 01.20.741 | B42: Levantamento planimétrico cadastral com áreas até 50% de ocupação - área acima de 200.000 m² | C42: M2 | D42: 0.23 | E42: 0.31 | F42: 0.54 | G42: 9
A43: 01.20.751 | B43: Levantamento planimétrico cadastral com áreas acima de 50% de ocupação - área até 20.000 m² (mínimo de 4.000 m²) | C43: M2 | D43: 0.32 | E43: 0.42 | F43: 0.74 | G43: 9
A44: 01.20.761 | B44: Levantamento planimétrico cadastral com áreas acima de 50% de ocupação - área acima de 20.000 m² até 200.000 m² | C44: M2 | D44: 0.28 | E44: 0.37 | F44: 0.65 | G44: 9
A45: 01.20.771 | B45: Levantamento planimétrico cadastral com áreas acima de 50% de ocupação - área acima de 200.000 m² | C45: M2 | D45: 0.27 | E45: 0.36 | F45: 0.63 | G45: 9
A46: 01.20.781 | B46: Levantamento planialtimétrico cadastral com áreas ocupadas predominantemente por comunidades - área até 20.000 m² (mínimo de 3.500 m²) | C46: M2 | D46: 0.44 | E46: 0.59 | F46: 1.03 | G46: 9
A47: 01.20.791 | B47: Levantamento planialtimétrico cadastral com áreas ocupadas predominantemente por comunidades - área acima de 20.000 m² até 200.000 m² | C47: M2 | D47: 0.35 | E47: 0.47 | F47: 0.82 | G47: 9
... A60: 01.20.921 | B60: Implantação de marcos através de levantamento com GPS (mínimo de 3 marcos) | C60: UN | D60: 778.81 | E60: 485.33 | F60: 1264.14 | G60: 9
A61: 01.21 | B61: Estudo geotecnico (sondagem) | G61: 5
A62: 01.21.010 | B62: Taxa de mobilização e desmobilização de equipamentos para execução de sondagem | C62: TX | D62: 1266.23 | F62: 1266.23 | G62: 9
A63: 01.21.090 | B63: Taxa de mobilização e desmobilização de equipamentos para execução de sondagem rotativa | C63: TX | D63: 6435.57 | F63: 6435.57 | G63: 9
A64: 01.21.100 | B64: Sondagem do terreno a trado | C64: M | D64: 96.77 | F64: 96.77 | G64: 9
A65: 01.21.110 | B65: Sondagem do terreno à percussão (mínimo de 30 m) | C65: M | D65: 89.86 | F65: 89.86 | G65: 9
A66: 01.21.120 | B66: Sondagem do terreno rotativa em solo | C66: M | D66: 388.28 | F66: 388.28 | G66: 9
A67: 01.21.130 | B67: Sondagem do terreno rotativa em rocha | C67: M | D67: 622.25 | F67: 622.25 | G67: 9
A68: 01.21.140 | B68: Sondagem do terreno à percussão com a utilização de torquímetro (mínimo de 30 m) | C68: M | D68: 94.6 | F68: 94.6 | G68: 9
A69: 01.23 | B69: Tratamento, recuperação e trabalhos especiais em concreto | G69: 5
A70: 01.23.010 | B70: Taxa de mobilização e desmobilização de equipamentos para execução de corte em concreto armado | C70: TX | D70: 374.77 | F70: 374.77 | G70: 9
A71: 01.23.020 | B71: Limpeza de armadura com escova de aço | C71: M2 | D71: 2.59 | E71: 6.43 | F71: 9.02 | G71: 9
A72: 01.23.030 | B72: Preparo de ponte de aderência com adesivo a base de epóxi | C72: M2 | D72: 102.72 | E72: 47.52 | F72: 150.24 | G72: 9
A73: 01.23.056 | B73: Tratamento de armadura com produto anticorrosivo a base de zinco | C73: M2 | D73: 24.99 | E73: 45.3 | F73: 70.29 | G73: 9
A74: 01.23.060 | B74: Corte de concreto deteriorado inclusive remoção dos detritos | C74: M2 | E74: 32.15 | F74: 32.15 | G74: 9
A75: 01.23.070 | B75: Demarcação de área com disco de corte diamantado | C75: M | D75: 1.06 | E75: 4.75 | F75: 5.81 | G75: 9
A76: 01.23.100 | B76: Demolição de concreto armado com preservação de armadura, para reforço e recuperação estrutural | C76: M3 | E76: 485.18 | F76: 485.18 | G76: 9
A77: 01.23.140 | B77: Furação de 1 1/4´ em concreto armado | C77: M | D77: 231.98 | F77: 231.98 | G77: 9
A78: 01.23.150 | B78: Furação de 1 1/2´ em concreto armado | C78: M | D78: 273.55 | F78: 273.55 | G78: 9
A79: 01.23.160 | B79: Furação de 2 1/4´ em concreto armado | C79: M | D79: 340.07 | F79: 340.07 | G79: 9
A80: 01.23.190 | B80: Furação de 2 1/2´ em concreto armado | C80: M | D80: 347.99 | F80: 347.99 | G80: 9
A81: 01.23.200 | B81: Taxa de mobilização e desmobilização de equipamentos para execução de perfuração em concreto | C81: TX | D81: 258.85 | F81: 258.85 | G81: 9
A82: 01.23.221 | B82: Furação para até 10mm x 100mm em concreto armado, inclusive colagem de armadura (para até 8mm) | C82: UN | D82: 12.95 | F82: 12.95 | G82: 9
A83: 01.23.222 | B83: Furação para 12,5mm x 100mm em concreto armado, inclusive colagem de armadura (para 10mm) | C83: UN | D83: 14.17 | F83: 14.17 | G83: 9
A84: 01.23.223 | B84: Furação para 16mm x 100mm em concreto armado, inclusive colagem de armadura (para 12,5mm) | C84: UN | D84: 15.9 | F84: 15.9 | G84: 9
A85: 01.23.231 | B85: Furação para até 10mm x 150mm em concreto armado, inclusive colagem de armadura (para até 8mm) | C85: UN | D85: 19.43 | F85: 19.43 | G85: 9
A86: 01.23.232 | B86: Furação para 12,5mm x 150mm em concreto armado, inclusive colagem de armadura (para 10mm) | C86: UN | D86: 20.9 | F86: 20.9 | G86: 9
A87: 01.23.233 | B87: Furação para 16mm x 150mm em concreto armado, inclusive colagem de armadura (para 12,5mm) | C87: UN | D87: 23.45 | F87: 23.45 | G87: 9
A88: 01.23.234 | B88: Furação para 20mm x 150mm em concreto armado, inclusive colagem de armadura (para 16mm) | C88: UN | D88: 25.32 | F88: 25.32 | G88: 9
... A99: 01.23.510 | B99: Corte vertical em concreto armado, espessura de 15 cm | C99: M | D99: 209.11 | F99: 209.11 | G99: 9
A100: 01.23.700 | B100: Taxa de mobilização e desmobilização para reforço estrutural com fibra de carbono | C100: TX | D100: 1649.28 | E100: 4362.15 | F100: 6011.43 | G100: 9
A101: 01.23.701 | B101: Preparação de substrato para colagem de fibra de carbono, mediante lixamento e/ou apicoamento e escovação | C101: M2 | D101: 6.78 | E101: 46.45 | F101: 53.23 | G101: 9
A102: 01.23.702 | B102: Fibra de carbono para reforço estrutural de alta resistência - 300 g/m² | C102: M2 | D102: 204.51 | E102: 330.4 | F102: 534.91 | G102: 9
A103: 01.27 | B103: Estudo e programa ambientais | G103: 5
A104: 01.27.011 | B104: Projeto e implementação de gerenciamento integrado de resíduos sólidos e gestão de perdas | C104: UN | D104: 211.1 | E104: 9635.55 | F104: 9846.65 | G104: 9
A105: 01.27.021 | B105: Projeto e implementação de educação ambiental | C105: UN | D105: 211.1 | E105: 12906.85 | F105: 13117.95 | G105: 9
A106: 01.27.031 | B106: Projeto e implementação de controle ambiental de obra | C106: UN | D106: 211.1 | E106: 11420.55 | F106: 11631.65 | G106: 9
A107: 01.27.041 | B107: Laudo de caracterização de vegetação | C107: UN | D107: 608.35 | E107: 26595.53 | F107: 27203.88 | G107: 9
A108: 01.27.051 | B108: Laudo de caracterização da fauna associada à flora | C108: UN | D108: 608.35 | E108: 40810.23 | F108: 41418.58 | G108: 9
A109: 01.27.061 | B109: Projeto e implementação de monitoramento da fauna durante a obra | C109: UN | D109: 608.35 | E109: 16178.25 | F109: 16786.6 | G109: 9
A110: 01.27.071 | B110: Laudo de autodepuração | C110: UN | D110: 494.85 | E110: 19417.65 | F110: 19912.5 | G110: 9
A111: 01.27.091 | B111: Estudo de impacto de vizinhança, em área urbana até 10.000 m² | C111: UN | D111: 301.9 | E111: 31450.8 | F111: 31752.7 | G111: 9
A112: 01.28 | B112: Poço profundo | G112: 5
A113: 01.28.010 | B113: Taxa de mobilização e desmobilização de equipamentos para execução de perfuração para poço profundo - profundidade até 200 m | C113: TX | D113: 8482.2 | F113: 8482.2 | G113: 9
A114: 01.28.020 | B114: Taxa de mobilização e desmobilização de equipamentos para execução de perfuração para poço profundo - profundidade acima de 200 m e até 300 m | C114: TX | D114: 12359.77 | F114: 12359.77 | G114: 9
A115: 01.28.030 | B115: Taxa de mobilização e desmobilização de equipamentos para execução de perfuração para poço profundo - profundidade acima de 300 m | C115: TX | D115: 12608.43 | F115: 12608.43 | G115: 9
A116: 01.28.040 | B116: Perfuração rotativa para poço profundo em camadas de solos sedimentares, diâmetro de 8 1/2" (215,90 mm) | C116: M | D116: 675.73 | F116: 675.73 | G116: 9
A117: 01.28.050 | B117: Perfuração rotativa para poço profundo em aluvião, arenito, ou solos sedimentados em geral, diâmetro de 10" (250 mm) | C117: M | D117: 472.42 | F117: 472.42 | G117: 9
A118: 01.28.060 | B118: Perfuração rotativa para poço profundo em aluvião, arenito, ou solos sedimentados em geral, diâmetro de 12" (300 mm) | C118: M | D118: 1236.18 | F118: 1236.18 | G118: 9
A119: 01.28.070 | B119: Perfuração rotativa para poço profundo em aluvião, arenito, ou solos sedimentados em geral, diâmetro de 14" (350 mm) | C119: M | D119: 1237.53 | F119: 1237.53 | G119: 9
A120: 01.28.080 | B120: Perfuração rotativa para poço profundo em aluvião, arenito, ou solos sedimentados em geral, diâmetro de 16" (400 mm) | C120: M | D120: 1545.91 | F120: 1545.91 | G120: 9
A121: 01.28.090 | B121: Perfuração rotativa para poço profundo em aluvião, arenito, ou solos sedimentados em geral, diâmetro de 18" (450 mm) | C121: M | D121: 1994.94 | F121: 1994.94 | G121: 9
A122: 01.28.100 | B122: Perfuração rotativa para poço profundo em aluvião, arenito, ou solos sedimentados em geral, diâmetro de 20" (500 mm) | C122: M | D122: 2257.77 | F122: 2257.77 | G122: 9
...
